 Dungeon Crawl Stone Soup version 0.32-a0-422-g28b100f (webtiles) character file.

Game seed: 16076330974944383463

3383911 jagoly the Rockslime (level 27, 199/199 HPs)
             Began as a Gargoyle Warper on Feb 21, 2024.
             Was the Champion of Jiyva.
             Escaped with the Orb
             ... and 5 runes
             ... and 1 gem (intact)!
             The game lasted 07:56:14 (68857 turns).

jagoly the Rockslime (Gargoyle Warper)             Turns: 68857, Time: 07:56:15

Health: 199/199    AC: 78    Str: 38    XL:     27
Magic:  52/52      EV: 10    Int: 18    God:    Jiyva [******]
Gold:   6524       SH: 41    Dex: 16    Spells: 9/30 levels left

rFire   + . .        a - +6 eveningstar (chaos)
rCold   + + .        q - +18 shield of the Gong {Loud rN+ Will+ rCorr EV-5}
rNeg    + + .        P - +12 gold dragon scales
rPois   ∞            B - +2 helmet
rElec   +            e - +1 cloak of the Hidden Vale {Regen+}
rCorr   +            C - +2 pair of gloves "Qaats" {*Corrode rElec rC+ Str+7}
SInv    +            p - +2 pair of boots of Afalosch {Str+2 Dex+3}
Will    ++++.        u - amulet of magic regeneration Stlth
                     y - ring of willpower
HPRegen 2.93/turn    D - ring "Xuagausi" {rCorr Str+6 Int+4 Dex-4 Slay+4}
MPRegen 1.53/turn

%: random rage (3%), corrode self (3%)
@: on berserk cooldown, flying, studying Alchemy
A: sickness immunity, AC +20, big wings, negative energy resistance 1,
electricity resistance, torment resistance 1, petrification resistance, talons
1, iridescent scales 1, large bone plates 3, thin skeletal structure 1, agile 1,
berserk 1, dopey 1, high MP 3, wild magic 3, acidic bite, eyeballs 3, gelatinous
body 1, jelly absorbing missiles, MP-powered wands, engulf
0: Orb of Zot
}: 5/15 runes: decaying, slimy, silver, abyssal, gossamer
a: Renounce Religion, Oozemancy, Slimify


You escaped.
You worshipped Jiyva.
Jiyva was exalted by your worship.
You visited 11 branches of the dungeon, and saw 55 of its levels.
You visited the Abyss 5 times.
You visited 1 ziggurat, and saw 14 of its levels.
You also visited: Sewer, Ice Cave and Wizlab.

You collected 7610 gold pieces.
You spent 1086 gold pieces at shops.

Inventory:

Hand Weapons
 a - a +6 eveningstar of chaos (weapon)
 b - the +8 demon whip of Boniot {elec, rC++}
   (Okawaru gifted it to you on level 2 of the Orcish Mines)

   rC++:      It greatly protects you from cold.
 w - the +0 mace of Yheoly {heavy, Will+ Str+4 Dex+2}
   (You found it on level 3 of the Elven Halls)

   Str+4:     It affects your strength (+4).
   Dex+2:     It affects your dexterity (+2).
   Will+:     It increases your willpower.
Missiles
 d - 8 darts of dispersal
 h - 6 curare-tipped darts
 E - a throwing net
 I - 14 silver javelins
 S - 29 boomerangs (quivered)
 U - 17 javelins
Armour
 e - the +1 cloak of the Hidden Vale (worn) {Regen+}
   (You found it on level 1 of the Crypt)

   Regen+:    It increases your rate of health regeneration.
 p - the +2 pair of boots of Afalosch (worn) {Str+2 Dex+3}
   (You found it on level 5 of the Vaults)

   Str+2:     It affects your strength (+2).
   Dex+3:     It affects your dexterity (+3).
 q - the +18 shield of the Gong (worn) {Loud rN+ Will+ rCorr EV-5}
   (You found it on level 9 of a ziggurat)

   Loud:      It is deafeningly noisy when blocking attacks.
   EV-5:      It affects your evasion (-5).
   rN+:       It protects you from negative energy.
   Will+:     It increases your willpower.
   rCorr:     It protects you from acid and corrosion.
 s - a +0 kite shield of protection
 x - a +0 cloak of willpower
 B - a +2 helmet (worn)
 C - the +2 pair of gloves "Qaats" (worn) {*Corrode rElec rC+ Str+7}
   (You found it on level 8 of a ziggurat)

   Str+7:     It affects your strength (+7).
   rC+:       It protects you from cold.
   rElec:     It insulates you from electricity.
   *Corrode:  It may corrode you when you take damage.
 P - +12 gold dragon scales (worn)
Jewellery
 u - an amulet of magic regeneration (around neck)
 y - a ring of willpower (left hand)
 D - the ring "Xuagausi" (right hand) {rCorr Str+6 Int+4 Dex-4 Slay+4}
   (You found it on level 1 of the Crypt)

   [ring of strength]

   Str+6:     It affects your strength (+6).
   Int+4:     It affects your intelligence (+4).
   Dex-4:     It affects your dexterity (-4).
   Slay+4:    It affects your accuracy & damage with ranged weapons and melee
   (+4).
   rCorr:     It protects you from acid and corrosion.
 Z - the ring "Coevoyje" {^Drain rPois rF+ MP+9}
   (You found it on level 13 of a ziggurat)

   [ring of protection from fire]

   rF+:       It protects you from fire.
   rPois:     It protects you from poison MP+9: It affects your magic capacity
   (+9).
   ^Drain:    It drains your maximum health when unequipped.
Wands
 m - a wand of paralysis (66)
 v - a wand of quicksilver (75)
 N - a wand of roots (41)
 R - a wand of digging (7)
Scrolls
 c - 19 scrolls of teleportation
 g - 5 scrolls of silence
 o - 4 scrolls of poison
 r - 4 scrolls of enchant armour
 t - 9 scrolls of fog
 J - 3 scrolls of revelation
 Q - 8 scrolls of immolation
 T - 6 scrolls of fear
 X - 8 scrolls of blinking
 Y - a scroll of summoning
Potions
 f - 4 potions of cancellation
 i - 5 potions of magic
 j - 5 potions of invisibility
 l - 5 potions of brilliance
 n - 6 potions of mutation
 z - 5 potions of enlightenment
 F - 6 potions of ambrosia
 H - 3 potions of haste
 K - 9 potions of might
 M - 15 potions of curing
 O - 6 potions of resistance
 W - 23 potions of heal wounds
Miscellaneous
 k - a box of beasts
 A - a phantom mirror
 G - a phial of floods
 L - a lightning rod (4/4)
 V - a condenser vane


   Skills:
 O Level 27 Fighting
 - Level 16.0 Maces & Flails
 - Level 2.0 Throwing
 O Level 27 Armour
 - Level 12.0 Dodging
 - Level 4.0 Stealth
 - Level 18.0 Shields
 - Level 2.0 Spellcasting
 - Level 10.0 Conjurations
 + Level 19.5 Translocations
 O Level 27 Invocations
 - Level 10.0 Evocations


You had 9 spell levels left.
You knew the following spells:

 Your Spells              Type           Power      Damage    Failure   Level
a - Lesser Beckoning      Tloc           100%       N/A       1%          2
b - Flame Wave            Conj/Fire      37%        2d10      89%         4
q - Apportation           Tloc           100%       N/A       1%          1
w - Passage of Golubria   Tloc           95%        N/A       3%          4
A - Manifold Assault      Tloc           95%        N/A       3%          4
B - Blink                 Tloc           100%       N/A       1%          2
X - Iskenderun's Mystic   Conj/Tloc      81%        2d16      10%         4

Your spell library contained the following spells:

 Spells                   Type           Power      Damage    Failure   Level
 Gell's Gravitas          Tloc           95%        N/A       2%          3
 Teleport Other           Tloc           95%        N/A       2%          3
 Momentum Strike          Conj/Tloc      100%       3d10      3%          2
 Dispersal                Tloc           47%        N/A       16%         6
 Volatile Blastmotes      Fire/Tloc      100%       2d18      17%         3
 Foxfire                  Conj/Fire      100%       2x1d9     30%         1
 Kiss of Death            Conj/Necr      100%       2d13      30%         1
 Sting                    Conj/Alch      100%       1d9       30%         1
 Dimensional Bullseye     Hex/Tloc       31%        N/A       38%         4
 Vhi's Electric Charge    Tloc/Air       100%       N/A       38%         4
 Dazzling Flash           Conj/Hex       74%        N/A       58%         3
 Hailstorm                Conj/Ice       37%        3d9       58%         3
 Iskenderun's Battlesphe  Conj           64%        2d11      63%         5
 Mephitic Cloud           Conj/Alch/Air  26%        N/A       78%         3
 Freeze                   Ice            12%        1d3       85%         1
 Necrotise                Necr           12%        1d4       85%         1
 Slow                     Hex            12%        N/A       85%         1
 Brom's Barrelling Bould  Conj/Erth      37%        2d6       89%         4
 Fulminant Prism          Conj/Alch      18%        3d10      89%         4
 Ensorcelled Hibernation  Hex/Ice        6%         N/A       92%         2
 Jinxbite                 Hex            6%         N/A       92%         2
 Mercury Vapours          Alch/Air       6%         N/A       92%         2
 Disjunction              Tloc           47%        N/A       97%         8
 Call Canine Familiar     Summ           3%         N/A       99%         3
 Confusing Touch          Hex            3%         N/A       99%         3
 Frozen Ramparts          Ice            6%         1d1       99%         3
 Fugue of the Fallen      Necr           3%         N/A       99%         3
 Inner Flame              Hex/Fire       3%         N/A       99%         3
 Ozocubu's Armour         Ice            3%         N/A       99%         3
 Passwall                 Erth           3%         N/A       99%         3
 Sigil of Binding         Hex            3%         N/A       99%         3
 Summon Ice Beast         Ice/Summ       3%         N/A       99%         3
 Swiftness                Air            3%         N/A       99%         3
 Tukima's Dance           Hex            3%         N/A       99%         3
 Vampiric Draining        Necr           3%         2d6       99%         3
 Arcjolt                  Conj/Air       18%        1d28      99%         5
 Fireball                 Conj/Fire      18%        3d9       99%         5
 Irradiate                Conj/Alch      18%        3d17      99%         5
 Anguish                  Hex/Necr       1%         N/A       100%        4
 Animate Armour           Summ/Erth      6%         N/A       100%        4
 Cause Fear               Hex            1%         N/A       100%        4
 Dispel Undead            Necr           3%         3d7       100%        4
 Ignite Poison            Fire/Alch      3%         N/A       100%        4
 Leda's Liquefaction      Alch/Erth      1%         N/A       100%        4
 Martyr's Knell           Necr/Summ      3%         N/A       100%        4
 Olgreb's Toxic Radiance  Alch           3%         N/A       100%        4
 Petrify                  Alch/Erth      3%         N/A       100%        4
 Sticky Flame             Fire/Alch      3%         2d4       100%        4
 Summon Blazeheart Golem  Fire/Summ      3%         N/A       100%        4
 Summon Lightning Spire   Summ/Air       3%         N/A       100%        4
 Alistair's Intoxication  Alch           2%         N/A       100%        5
 Borgnjor's Vile Clutch   Necr/Erth      1%         N/A       100%        5
 Curse of Agony           Necr           3%         N/A       100%        5
 Lee's Rapid Deconstruct  Erth           1%         3d4*      100%        5
 Metabolic Englaciation   Hex/Ice        1%         N/A       100%        5
 Silence                  Hex/Air        1%         N/A       100%        5
 Yara's Violent Unravell  Hex/Alch       1%         3d3       100%        5
 Bombard                  Conj/Erth      18%        9d4       100%        6
 Conjure Ball Lightning   Conj/Air       18%        3x3d6     100%        6
 Death Channel            Necr           1%         N/A       100%        6
 Plasma Beam              Fire/Air       1%         2x1d11    100%        6
 Sculpt Simulacrum        Ice/Alch       1%         N/A       100%        6
 Starburst                Conj/Fire      18%        6d7       100%        6
 Orb of Destruction       Conj           32%        9d10      100%        7
 Ozocubu's Refrigeration  Ice            1%         4d7       100%        7
 Spellforged Servitor     Conj/Summ      18%        N/A       100%        7
 Discord                  Hex            1%         N/A       100%        8
 Ignition                 Fire           1%         3d3       100%        8
 Infestation              Necr           1%         N/A       100%        8
 Lehudib's Crystal Spear  Conj/Erth      18%        10d6      100%        8
 Chain Lightning          Conj/Air       18%        3d24      100%        9
 Dragon's Call            Summ           1%         N/A       100%        9
 Fire Storm               Conj/Fire      18%        8d5       100%        9
 Polar Vortex             Ice            1%         N/A       100%        9
 Shatter                  Erth           1%         3d6*      100%        9
 Cigotuvi's Dreadful Rot  Necr/Alch/Air  Unusable   N/A       N/A         2

Dungeon Overview and Level Annotations

Branches:
Dungeon (15/15)            Temple (0/1) D:6            Lair (5/5) D:10
  Swamp (4/4) Lair:3       Spider (4/4) Lair:3        Slime (5/5) Lair:5
    Orc (2/2) D:9             Elf (3/3) Orc:2        Vaults (5/5) D:13
  Crypt (3/3) Vaults:2       Tomb (0/3) Crypt:3      Depths (4/4) D:15
    Zot (5/5) Depths:4      Sewer (visited)           IceCv (visited)
 WizLab (visited)

Altars:
Ashenzari
Dithmenos
Fedhas
Gozag
Makhleb
Nemelex Xobeh
Okawaru
Ru
Trog
Vehumet
Xom
Zin
The Shining One
Beogh
Jiyva

Shops:
D:6 (   D:10 (   Orc:1 [   Orc:2 :(==   Elf:2 =(?(   Elf:3 ::=   Vaults:5 !

Portals:
Hell: Depths:1 Depths:2 Depths:3 Depths:4
Abyss: Depths:2 Depths:3 Depths:4
Pandemonium: Depths:2

Annotations:
Slime:5 Royal Jelly
Depths:3 1 runed translucent door


Innate Abilities, Weirdness & Mutations

You are immune to sickness and miasma.
Your stone body is resilient. (AC +20)
You are immune to poison.
Your large and strong wings let you fly.
You resist negative energy. (rN+)
You are resistant to electric shocks. (rElec)
You are resistant to unholy torment.
You are immune to petrification.
You have sharp toenails.
You are partially covered in iridescent scales. (AC +2)
You are completely covered in large bone plates. (SH +8)
You have a somewhat thin skeletal structure. (Dex +2, Stealth+)
You are agile. (Dex +4, Str/Int -1)
You sometimes lose your temper in combat.
You are dopey. (Int -2)
You have a greatly increased reservoir of magic. (+30% MP)
Your spells are much harder to cast, but much more powerful.
You have acidic saliva.
Your body is covered in eyes which may confuse attackers. (Acc +7, SInv)
Your rubbery body absorbs attacks. (AC +1, EV +1)
You have a small jelly attached to you that may absorb projectiles.
You expend magic power (3 MP) to strengthen your wands.
Your melee attacks may engulf your foes in ooze.


Message History

You block the Executioner's attack.
PANG!
The Executioner completely misses you.
The Executioner hits you but does no damage. x2
You miss the Executioner.
The Executioner is severely wounded.
The Executioner hits you but does no damage.
You block the Executioner's attack.
PTOANNNG!
You block the Executioner's attack.
PTOANNNG!
You block the Executioner's attack.
BOUMMMMG!
The Executioner hits you but does no damage.
The Executioner completely misses you.
The Executioner hits you but does no damage. x3
You beat the Executioner like a drum!!!
You kill the Executioner!
What level of the Dungeon? (default 1, ? - help)
There is a stone staircase leading up here.
You fly upwards.
There is a stone staircase leading down here.
There is an open door here.
An Orb Guardian comes into view.
You block the Orb Guardian's attack.
PANG!
You closely miss the Orb Guardian. Your bite misses the Orb Guardian.
You block the Orb Guardian's attack.
GONNNNG!
You impale the Orb Guardian!! You freeze the Orb Guardian.
You bite the Orb Guardian!
The Orb Guardian is heavily wounded.
You block the Orb Guardian's attack.
GONNNNG!
You bludgeon the Orb Guardian!! You drain the Orb Guardian!
You kill the Orb Guardian!
You feel your strength returning.
No target in view!
No target in view!
What level of the Dungeon? (default 1, ? - help)
There is a gate leading back out of this place here.
You fly up through the gate.
Welcome back to the Depths!
There is a gate to the Realm of Zot here.
There is a huge open gate, spattered with blood here.
There is a huge open gate, spattered with blood here.
Things that are here:
a +0 dire flail; a +0 dire flail; an ettin skeleton You see here a +0 halberd.
Items here: )))) [.
There is a large open door here.
There is a stone staircase leading up here.
You fly upwards.
Level annotation: 1 runed translucent door
There is a stone staircase leading down here.
There is a stone staircase leading up here.
You fly upwards.
There is a stone staircase leading down here.
You hear a series of splatters.
There is a stone staircase leading up here.
You fly upwards.
There is a stone staircase leading down here.
There is a staircase back to the Dungeon here.
You fly upwards.
Welcome back to the Dungeon!
There is a staircase to the Depths here.
You see here 2 large rocks.
There is an open door here.
A soul eater comes into view.
The jelly hits the soul eater but does no damage.
The soul eater draws from the surrounding life force!
You block the soul eater's attack.
BONNNG!
You hear a shout!
You skewer the soul eater like a kebab!!!
You burn the soul eater!!
You kill the soul eater!
No target in view!
No target in view!
What level of the Dungeon? (default 1, ? - help)
You swap places.
There is an open door here.
There is a stone staircase leading up here.
You fly upwards.
There is a stone staircase leading down here.
There is an escape hatch in the ceiling here.
You swap places.
There is a stone staircase leading up here.
You fly upwards.
There is a stone staircase leading down here.
There is a stone staircase leading up here.
You fly upwards.
There is a stone staircase leading down here.
There is an open door here.
An ice devil comes into view.
You block the ice devil's attack.
GONNNNG!
You puncture the ice devil!
You engulf the ice devil in ooze!
The ice devil is moderately wounded.
The ice devil is asphyxiated!
You bludgeon the ice devil!!
The ice devil is almost dead.
The ice devil is asphyxiated!
You kill the ice devil!
No target in view!
What level of the Dungeon? (default 1, ? - help)
You hear a distant slurping noise.
A sixfirhy comes into view.
You completely miss the sixfirhy. You miss the sixfirhy.
You crush the sixfirhy like a grape!!!
You kill the sixfirhy!
No target in view!
No target in view!
What level of the Dungeon? (default 1, ? - help)
There is a stone staircase leading up here.
You fly upwards.
There is a stone staircase leading down here.
A chaos spawn comes into view.
There is an open translucent gate here.
You puncture the chaos spawn! You burn the chaos spawn.
The chaos spawn is severely wounded.
You bludgeon the chaos spawn!!
You kill the chaos spawn!
The chaos spawn degenerates into a cloud of primal chaos!
No target in view!
No target in view!
What level of the Dungeon? (default 1, ? - help)
There is an open translucent gate here.
You hear a distant slurping noise.
A red devil comes into view. It is wielding a +0 trident.
You block the red devil's attack.
BONNNG!
You barely miss the red devil. You bite the red devil.
The acid corrodes the red devil!
The red devil is lightly wounded.
You hear a slurping noise.
You impale the red devil!!
You kill the red devil!
A chaos spawn comes into view.
Okay, then.
You hear a slurping noise.
You block the chaos spawn's attack.
GONNNNG!
You impale the chaos spawn!!
The chaos spawn looks as sick as possible!
The chaos spawn is almost dead.
You barely miss the chaos spawn.
The chaos spawn is almost dead.
You block the chaos spawn's attack.
SHROANNG!
You impale the chaos spawn!!
You kill the chaos spawn!
The chaos spawn degenerates into a cloud of primal chaos!
No target in view!
No target in view!
What level of the Dungeon? (default 1, ? - help)
An Orb Guardian comes into view.
You block the Orb Guardian's attack.
PANG!
You bludgeon the Orb Guardian!!
The Orb Guardian seems to grow stronger.
The Orb Guardian is moderately wounded.
You block the Orb Guardian's attack.
SHROANNG!
You sock the Orb Guardian!
The Orb Guardian suddenly seems more resistant.
Your bite misses the Orb Guardian.
The Orb Guardian is heavily wounded.
You block the Orb Guardian's attack.
GONNNNG!
You crush the Orb Guardian like a grape!!!
You kill the Orb Guardian!
What level of the Dungeon? (default 1, ? - help)
There is a stone staircase leading up here.
You fly upwards.
There is a stone staircase leading down here. 3 hell hogs come into view.
Cast which spell? (? or * to list) Space momentarily warps into an impossible shape!
You barely miss the hell hog. You bludgeon the hell hog!!
The hell hog blinks!
You bludgeon the hell hog!!
The hell hog appears confused.
Cast which spell? (? or * to list) Space momentarily warps into an impossible shape!
You bludgeon the hell hog!! You freeze the hell hog.
You barely miss the hell hog.
You flatten the hell hog like a pancake!!!
You freeze the hell hog!!
You kill the hell hog!
A hell hog comes into view.
Cast which spell? (? or * to list) Space momentarily warps into an impossible shape!
You impale the hell hog!!
You kill the hell hog!
You sock the hell hog!
The hell hog looks weaker.
You spit the hell hog like the proverbial pig!!!
The hell hog convulses.
The hell hog breathes fire at you.
The fireball explodes!
The fireball engulfs you but does no damage.
Cast which spell? (? or * to list) Space momentarily warps into an impossible shape!
You hit the hell hog.
The hell hog convulses.
You closely miss the hell hog. The hell hog breathes fire at you.
The fireball explodes!
The fireball engulfs you but does no damage.
Cast which spell? (? or * to list) Space momentarily warps into an impossible shape!
You pound the hell hog like an anvil!!!
The hell hog seems to slow down.
You puncture the hell hog!
You kill the hell hog!
The hell hog breathes fire at you.
The fireball explodes!
The fireball engulfs you but does no damage.
Cast which spell? (? or * to list) Space momentarily warps into an impossible shape!
You puncture the hell hog!
You kill the hell hog!
Cast which spell? (? or * to list)
You can't see any susceptible monsters within range! (Use Z to cast anyway.) Cast which spell? (? or * to list)
You can't see any susceptible monsters within range! (Use Z to cast anyway.) Cast which spell? (? or * to list)
You can't see any susceptible monsters within range! (Use Z to cast anyway.) Cast which spell? (? or * to list)
You can't see any susceptible monsters within range! (Use Z to cast anyway.) Cast which spell? (? or * to list)
You can't see any susceptible monsters within range! (Use Z to cast anyway.) Cast which spell? (? or * to list)
You can't see any susceptible monsters within range! (Use Z to cast anyway.) Cast which spell? (? or * to list)
You can't see any susceptible monsters within range! (Use Z to cast anyway.)
What level of the Dungeon? (default 1, ? - help)
You hear a slurping noise.
You hear a distant slurping noise.
Magic restored.
There is a stone staircase leading up here.
You fly upwards.
You hear a distant slurping noise.
There is a stone staircase leading down here.
You hear a distant slurping noise.
You hear a distant slurping noise.
You hear a squelching noise.
You hear a distant slurping noise.
You hear a distant slurping noise.
You hear a distant slurping noise.
There is a stone staircase leading up here.
You fly upwards.
There is a stone staircase leading down here.
There is a stone staircase leading up here.
You fly upwards.
There is a stone staircase leading down here. 2 hell hogs come into view.
The hell hog squeals angrily.
Cast which spell? (? or * to list) Space momentarily warps into an impossible shape!
You sock the hell hog!
The hell hog convulses.
You impale the hell hog!!
Cast which spell? (? or * to list) Space momentarily warps into an impossible shape!
You impale the hell hog!! You freeze the hell hog!
You kill the hell hog!
You completely miss the hell hog.
A hell hog comes into view.
Cast which spell? (? or * to list)
You miscast Manifold Assault.
You are very lightly contaminated with residual magic.
Nothing appears to happen.
You flatten the hell hog like a pancake!!!
You freeze the hell hog.
You kill the hell hog!
A lorocyproca comes into view.
The hell hog bites you but does no damage.
The lorocyproca moves out of view.
You closely miss the hell hog. You block the hell hog's attack.
PANG!
You bludgeon the hell hog!!
The hell hog looks as sick as possible!
You engulf the hell hog in ooze!
The hell hog is moderately wounded.
The hell hog is asphyxiated!
You block the hell hog's attack.
GONNNNG!
You barely miss the hell hog.
The hell hog is heavily wounded.
The hell hog is asphyxiated!
You block the hell hog's attack.
PTOANNNG!
You spit the hell hog like the proverbial pig!!!
You kill the hell hog!
You block the lorocyproca's attack.
GONNNNG!
You see here a hell hog corpse.
You closely miss the lorocyproca. You block the lorocyproca's attack.
BOUMMMMG!
You sock the lorocyproca!
The lorocyproca appears confused.
You bite the lorocyproca!
The lorocyproca is moderately wounded.
You block the lorocyproca's attack.
PTOANNNG!
You catch the helpless lorocyproca completely off-guard!
You hit the lorocyproca.
The lorocyproca is moderately wounded.
You impale the lorocyproca!! You burn the lorocyproca.
You engulf the lorocyproca in ooze!
You bite the lorocyproca, but do no damage.
The lorocyproca is severely wounded.
The lorocyproca is asphyxiated!
You block the lorocyproca's attack.
SHROANNG!
You skewer the lorocyproca like a kebab!!!
You kill the lorocyproca!
No target in view!
What level of the Dungeon? (default 1, ? - help)
Your magical contamination has completely faded away.
Things that are here:
a +0 robe; a +3 scimitar
There is a stone staircase leading up here.
You fly upwards.
There is a stone staircase leading down here.
A shadow demon comes into view.
You impale the shadow demon!! Your bite misses the shadow demon.
The shadow demon is heavily wounded.
You puncture the shadow demon!
The shadow demon is severely wounded.
You barely miss the shadow demon. You bite the shadow demon.
The shadow demon is severely wounded.
You block the shadow demon's attack.
BONNNG!
You closely miss the shadow demon. You bite the shadow demon.
The acid corrodes the shadow demon!
The shadow demon is severely wounded.
You block the shadow demon's attack.
GONNNNG!
Okay, then.
You barely miss the shadow demon.
The shadow demon is severely wounded.
You block the shadow demon's attack.
GONNNNG!
You barely miss the shadow demon.
The shadow demon is severely wounded.
You puncture the shadow demon!
The shadow demon seems to speed up.
You bite the shadow demon!
You kill the shadow demon!
No target in view!
No target in view!
No target in view!
What level of the Dungeon? (default 1, ? - help)
There is a stone staircase leading up here.
You fly upwards.
There is a stone staircase leading down here.
There is a stone staircase leading up here.
You fly upwards.
There is a stone staircase leading down here.
You see here a +0 club.
A demonic crawler comes into view.
You impale the demonic crawler!! You burn the demonic crawler.
The demonic crawler is heavily wounded.
You puncture the demonic crawler!
The demonic crawler seems to slow down.
The demonic crawler is severely wounded.
You puncture the demonic crawler! You burn the demonic crawler.
You bite the demonic crawler.
The acid corrodes the demonic crawler!
The demonic crawler is almost dead.
You block the demonic crawler's attack.
GONNNNG!
You block the demonic crawler's attack.
BONNNG!
You block the demonic crawler's attack.
GONNNNG!
You barely miss the demonic crawler. You bite the demonic crawler.
The demonic crawler seems to be corroded for longer.
The demonic crawler is almost dead.
You sock the demonic crawler!
You kill the demonic crawler!
No target in view!
What level of the Dungeon? (default 1, ? - help)
There is a stone staircase leading up here.
You fly upwards.
An Orb Guardian comes into view.
There is a stone staircase leading down here.
You closely miss the Orb Guardian. Your bite misses the Orb Guardian.
You block the Orb Guardian's attack.
BOUMMMMG!
The Orb Guardian hits you but does no damage.
You puncture the Orb Guardian! You freeze the Orb Guardian.
You bite the Orb Guardian, but do no damage.
The Orb Guardian is lightly wounded.
The Orb Guardian hits you but does no damage.
You closely miss the Orb Guardian.
The Orb Guardian is lightly wounded.
You miss the Orb Guardian.
You bite the Orb Guardian, but do no damage.
The Orb Guardian is lightly wounded.
You block the Orb Guardian's attack.
PANG!
You barely miss the Orb Guardian.
The Orb Guardian is lightly wounded.
You block the Orb Guardian's attack.
BONNNG!
The Orb Guardian hits you but does no damage.
You closely miss the Orb Guardian.
The Orb Guardian is lightly wounded.
You block the Orb Guardian's attack.
GONNNNG!
You pound the Orb Guardian like an anvil!!!
The Orb Guardian is severely wounded.
You barely miss the Orb Guardian.
The Orb Guardian is severely wounded.
You block the Orb Guardian's attack.
GONNNNG!
You hit the Orb Guardian. You freeze the Orb Guardian.
The Orb Guardian is severely wounded.
You block the Orb Guardian's attack.
GONNNNG!
You bludgeon the Orb Guardian!! You burn the Orb Guardian!
You kill the Orb Guardian!
No target in view!
What level of the Dungeon? (default 1, ? - help)
You see here a +0 short sword.
Things that are here:
a +0 mace; a +0 robe; a +0 scythe
There is a stone staircase leading up here.
You fly upwards.
There is a stone staircase leading down here.
There is a stone staircase leading up here.
You fly upwards.
There is a stone staircase leading down here.
There is an open door here.
You reach down and open the door.
A Guhoupet, a red devil and a lich come into view.
Guhoupet screams, "Thy heart shall be my snack!"
The lich shouts!
There is an open door here.
There are no items here.
Unknown command.
Press: ? - help, v - describe, . - travel
Here: Guhoupet The floor.
Unknown command.
There are no items here.
Unknown command.
Cast which spell? (? or * to list) Space momentarily warps into an impossible shape!
You hit the red devil.
A red film seems to cover your vision as you go berserk!
You feel yourself moving faster!
You feel mighty!
You bludgeon the lich!! You miss Guhoupet.
You feel a strong urge to attack something.
You hammer Guhoupet like a gong!!!
Guhoupet is moderately wounded.
You block Guhoupet's attack.
PANG!
You block the red devil's attack.
BONNNG!
You puncture Guhoupet!
Guhoupet's magic leaks into the air.
Guhoupet is moderately wounded.
You skewer Guhoupet like a kebab!!! You freeze Guhoupet.
Your bite misses Guhoupet.
Guhoupet is severely wounded.
You miss Guhoupet.
Guhoupet is severely wounded.
Guhoupet's magic is no longer disrupted.
You block Guhoupet's attack.
GONNNNG!
The red devil barely misses you.
The lich casts a spell.
The lich seems to speed up.
You hit Guhoupet.
Guhoupet's magic leaks into the air.
Guhoupet is severely wounded.
You impale Guhoupet!!
Guhoupet is almost dead.
Guhoupet's magic is no longer disrupted.
You block Guhoupet's attack.
BOUMMMMG!
The red devil hits you but does no damage.
You impale Guhoupet!!
You kill Guhoupet!
You block the lich's attack.
SHROANNG!
You pound the lich like an anvil!!! You burn the lich.
You engulf the lich in ooze!
You bite the lich!
The acid corrodes the lich!
The lich is almost destroyed.
You block the red devil's attack.
GONNNNG!
The lich touches you but does no damage.
You puncture the lich!
You destroy the lich!
You block the red devil's attack.
SHROANNG!
You closely miss the red devil.
The red devil is lightly wounded.
You beat the red devil like a drum!!!
You kill the red devil!
No target in view!
No target in view!
You feel a strong urge to attack something.
You are no longer berserk.
You are exhausted.
You feel yourself slow down.
There is a staircase leading out of the dungeon here.
You start waiting.
You feel yourself speed up.
Unknown command.
You are unable to berserk.
You are flying.
You are studying Alchemy.
Your flying speed is average.
Your attack delay is about 0.7 (and cannot be improved with additional weapon skill).
Your damage rating with your +6 eveningstar of chaos is about 58 (Base 15 x 170% (Str) x 191% (Skill) + 10 (Ench + Slay)).
Your base attributes are Str 24, Int 17, Dex 11.
You have escaped!

#....# #####.##############.#
#....####.........#### #...#
#...##...####x####...## #.###
#..##.####§§§≈≈≈≈####.## #.###
#.##.## #≈≈...≈≈# ##.# #...#
#.##.# #.......# #.#####.#
#)#.#########'#########.# #..
#.#.#..#..)........#..#.# ###
#.#.'..'.....@.....'..'.#
#.#.#..#...........#..#.#
#)#.#########'#########.# #.##.#
#.......# #.## #..#.## #≈≈...≈≈#
##.#
##.##.####≈§≈≈≈≈≈####)########
#..##...#########...#÷.......
##..####.........####........
#######.########.#####...........


You could see a small abomination.

Vanquished Creatures
  8 ancient liches
  4 dread liches
  5 orbs of fire (Zot:5)
  Mara (Vaults:4)
  2 juggernauts
  Mennas (Crypt:3)
  The ghost of Cigeacw the Skullcrusher, a veteran MiFi of Okawaru (Zot:5)
  5 royal mummies (Zig:14)
  Bai Suzhen (Depths:1)
  Parghit (Depths:3)
  10 Killer Klowns
  3 shard shrikes
  3 caustic shrikes (Depths:3)
  2 curse toes
  Saint Roka (Vaults:5)
  10 golden dragons
  The ghost of Zoalos the Devastator, a veteran GrEE of Lugonu (Crypt:3)
  the Enchantress (Depths:1)
  2 profane servitors
  3 bone dragons
  The ghost of Reaq the Warrior, an adept DjHu of Ashenzari (Swamp:4)
  4 electric golems
  Zenata (Vaults:3)
  A hellephant (Abyss:5)
  2 Ice Fiends (Zig:10)
  16 tentacled monstrosities
  14 liches
  28 Orb Guardians
  Asterion (Spider:1)
  12 deep elf blademasters
  6 titans
  3 pandemonium lords
  9 sphinxes
  6 deep elf master archers
  A walking frostbound tome (Zig:10)
  4 quicksilver dragons
  3 death cobs
  11 ancient champions
  Frances (Swamp:2)
  An Executioner (Zot:2)
  20 storm dragons
  8 tengu reavers
  13 shadow dragons
  5 tentacled starspawn
  3 thorn hunters
  12 draconian monks
  8 protean progenitors
  Donald (Crypt:2)
  18 frost giants
  5 fenstrider witches
  5 draconian knights
  13 fire giants
  5 revenants
  22 vault wardens
  3 iron dragons
  5 emperor scorpions
  3 deep elf elementalists (Elf:3)
  5 draconian scorchers
  5 balrugs
  2 quicksilver elementals (Zig:3)
  7 deep elf sorcerers
  An angel (Depths:1)
  2 draconian stormcallers (Zot:4)
  4 draconian shifters
  14 ironbound preservers
  3 curse skulls
  5 ghost moths
  4 ghouls
  A reaper (Crypt:3)
  4 orc warlords
  32 stone giants
  7 broodmothers
  7 draconian annihilators
  6 spriggan defenders
  7 caustic shrike skeletons (Crypt:3)
  7 ironbound thunderhulks
  44 very ugly things
  A deep elf demonologist (Elf:3)
  6 vampire knights
  A lorocyproca (D:7)
  8 deep elf annihilators
  18 green draconians
  8 bunyips
  3 demonspawn blood saints
  10 eleionomae
  8 deep elf death magi
  15 white draconians
  12 black draconians
  18 yellow draconians
  4 minotaurs
  An orange crystal statue (WizLab)
  13 dire elephants
  Azrael (D:15)
  6 purple draconians
  12 red draconians
  5 spark wasps (Depths:3)
  4 eidola
  4 war gargoyles
  3 blizzard demons
  5 crystal guardians
  19 ettins
  16 fire dragons
  3 mummy priests (Zig:14)
  2 green deaths (Zig:12)
  7 jiangshi
  5 merfolk impalers
  4 merfolk javelineers
  Josephine (Arena)
  A quicksilver dragon zombie (Abyss:5)
  Harold (D:9)
  9 entropy weavers
  17 yaktaur captains
  12 hydras
  2 deep elf high priests
  2 peacekeepers
  A shambling mangrove (Swamp:4)
  A great orb of eyes (D:12)
  47 vault guards
  11 rakshasas
  6 alligators
  4 ironbound frosthearts
  Erolcha (D:13)
  16 centaur warriors
  10 boulder beetles
  An ogre mage (Vaults:4)
  A catoblepas (Zig:5)
  A ghost crab (Swamp:3)
  6 radroaches
  15 ice dragons
  A hell beast (Depths:2)
  2 quicksilver dragon skeletons (Crypt:1)
  10 spriggan air magi
  4 two-headed ogres (Vaults:4)
  4 death knights
  The ghost of Dega the Cleaver, a journeyman OpSh of Qazlal (D:11)
  8 deep troll shamans
  32 dancing weapons
  An alligator snapping turtle (shapeshifter) (Zig:8)
  A bennu skeleton (Crypt:2)
  7 hell hogs
  2 satyrs (Zot:4)
  5 occultists
  5 naga warriors
  A sphinx skeleton (Zig:14)
  2 fenstrider witch skeletons (Crypt:3)
  7 vampire magi
  6 thrashing horrors (Abyss:4)
  4 death yaks (Lair:5)
  12 demonic crawlers
  14 tengu warriors
  Urug (D:13)
  7 deep troll earth magi
  5 orc high priests
  13 deep elf knights
  A naga sharpshooter (Elf:2)
  3 soul eaters
  7 spriggan berserkers
  2 skysharks
  Sonja (Orc:2)
  A titan zombie (Zig:14)
  4 titan skeletons
  A crystal echidna (Zig:3)
  4 sun demons
  10 hell knights
  A sixfirhy (D:12)
  3 iron trolls
  4 wretched stars (Abyss:4)
  5 shadow wraiths
  61 skeletal warriors
  5 pharaoh ants
  7 goliath frogs
  A storm dragon skeleton (Vaults:2)
  4 shadow demons
  12 spriggan druids
  A death drake (Swamp:4)
  A quicksilver dragon simulacrum (Depths:2)
  A sun moth (Spider:3)
  53 deep trolls
  A shadow dragon zombie (Zig:14)
  A salamander mystic (D:14)
  A bunyip zombie (Crypt:1)
  3 arcanists
  7 flayed ghosts
  An obsidian statue (IceCv)
  15 orb spiders
  3 bunyip skeletons
  2 spatial maelstroms
  5 spriggan simulacra
  13 swamp dragons
  11 bog bodies
  The ghost of bignoob the Chopper, a novice MDHW of Beogh (D:7)
  3 anaconda skeletons
  4 large abominations
  15 deep elf archers
  20 ironbound convokers
  13 phantasmal warriors
  14 lindwurms
  10 orc knights
  8 necromancers
  10 orc sorcerers
  A shadow dragon skeleton (Zig:14)
  24 deep elf pyromancers
  29 deep elf zephyrmancers
  38 ugly things
  4 steelbarb worms
  7 will-o-the-wisps
  A golden dragon skeleton (Zig:14)
  8 manticores
  2 oklob plants (Lair:5)
  9 cyclopes
  Maurice (D:7)
  A goliath frog skeleton (Crypt:3)
  3 tengu skeletons
  35 moths of wrath
  27 wolf spiders
  A worldbinder (Abyss:4)
  5 salamanders
  An alligator skeleton (Crypt:1)
  8 meliai
  18 elephants
  14 vault sentinels
  6 kobold blastminers
  2 guardian serpents
  A rust devil (Abyss:4)
  A dire elephant zombie (Crypt:2)
  10 black mambas
  A draconian skeleton (Crypt:1)
  A naga mage (D:15)
  5 human skeletons (Vaults:2)
  22 starcursed masses
  A stone giant skeleton (Depths:1)
  2 gargoyles (D:12)
  8 torpor snails
  A frost giant skeleton (Vaults:2)
  19 cane toads
  2 naga skeletons
  5 smoke demons
  2 iron dragon skeletons
  2 orange demons (Abyss:4)
  2 apocalypse crabs (Zig:8)
  5 centaur skeletons
  Maggie (D:7)
  2 efreet
  A hellion (Abyss:4)
  4 rime drakes
  18 freezing wraiths
  2 komodo dragons
  An unseen horror (D:13)
  2 dire elephant skeletons
  An ice devil (D:12)
  2 golden dragon simulacra (IceCv)
  An alligator snapping turtle skeleton (Crypt:1)
  6 guardian mummies (Zig:14)
  31 yaktaurs
  5 anaconda simulacra (IceCv)
  2 red devils
  5 tengu conjurers
  A silent spectre (Abyss:4)
  Psyche (D:12)
  3 bloated husks
  5 ancient zymes
  2 yaktaur skeletons (Vaults:2)
  A harpy zombie (Crypt:1)
  A queen bee (Abyss:4)
  12 trolls
  20 merfolk
  14 hornets
  2 polar bears
  A hellwing (Abyss:5)
  An ettin zombie (Crypt:1)
  A death drake skeleton (Crypt:2)
  2 hydra skeletons
  7 raiju
  7 harpy skeletons
  25 tarantellas
  17 blink frogs
  14 tyrant leeches
  A moth of wrath zombie (Crypt:3)
  10 dream sheep (Lair:5)
  12 saltlings (Orc:2)
  2 alligator simulacra (IceCv)
  A stone giant simulacrum (Crypt:1)
  Sigmund (D:3)
  24 culicivoras
  8 slime creatures
  34 jumping spiders
  A shadow (D:11)
  A culicivora (shapeshifter) (Zig:11)
  4 dire elephant simulacra (IceCv)
  11 wyverns
  A vampire (D:10)
  15 spriggans
  6 spriggan skeletons
  6 water elementals
  5 fire elementals
  53 yaks
  3 ynoxinuls
  3 ushabtiu (Zig:14)
  Grum (D:7)
  9 wraiths
  7 humans (D:13)
  A black mamba skeleton (Crypt:1)
  5 basilisks
  4 wargs
  55 redbacks
  2 minotaur simulacra (IceCv)
  12 vampire mosquitoes
  2 chaos spawn (D:11)
  A spatial vortex (Abyss:5)
  A glowing shapeshifter zombie (Depths:1)
  A skyshark zombie (Crypt:1)
  11 swamp worms
  2 harpy simulacra (IceCv)
  2 acid dragons
  2 nagas
  10 hydra simulacra
  2 small abominations (Abyss:4)
  A faun zombie (Crypt:1)
  3 hell hounds (D:15)
  21 water moccasins
  A merfolk skeleton (Crypt:3)
  2 glowing shapeshifter skeletons (Vaults:2)
  38 orc warriors
  5 swamp drakes (Swamp:4)
  2 sky beasts
  6 ettin simulacra
  2 ice beasts
  A manticore zombie (Crypt:3)
  A black bear (D:10)
  A swamp dragon zombie (Crypt:3)
  17 laughing skulls
  19 wolves
  4 centaurs
  A dream sheep skeleton (Crypt:2)
  An elephant skeleton (Crypt:1)
  11 ogres
  A lindwurm skeleton (Crypt:2)
  A swamp dragon skeleton (Crypt:2)
  3 weeping skulls (Abyss:4)
  6 kobold brigands
  4 gnoll sergeants
  A komodo dragon zombie (Crypt:1)
  8 bullfrogs
  A draconian zombie (Crypt:1)
  An elf skeleton (Crypt:2)
  An earth elemental (Abyss:4)
  3 scorpions
  A deep troll simulacrum (IceCv)
  A warg skeleton (Crypt:1)
  19 wights
  A yak zombie (Crypt:3)
  4 lindwurm simulacra (IceCv)
  12 killer bees
  7 electric eels
  8 howler monkeys
  8 crimson imps (D:7)
  6 jellies
  13 orc priests
  A gnoll bouda (D:7)
  4 hounds
  5 iguanas
  A sleepcap (D:4)
  23 orc wizards
  A black bear skeleton (Crypt:2)
  An ogre skeleton (Crypt:2)
  15 mummies (Zig:14)
  19 gnolls
  7 adders
  A river rat (Sewer)
  A shadow imp (D:6)
  5 white imps
  2 ufetubi (D:5)
  2 ribbon worms (Sewer)
  A dart slug (D:2)
  55 orcs
  A bat skeleton (Crypt:3)
  7 endoplasms
  7 giant cockroaches
  10 goblins
  6 hobgoblins
  5 jackals
  27 kobolds
  5 quokkas
  3 ball pythons
  7 bats
  6 frilled lizards
  12 rats
  4 starspawn tentacles
2782 creatures vanquished.

Vanquished Creatures (collateral kills)
  A dread lich (Zig:13)
  A tengu reaver (Zig:13)
  A vault warden (Vaults:3)
  A yellow draconian (Zot:1)
  An entropy weaver (Vaults:3)
  A yaktaur captain (Vaults:4)
  An orc knight (Zig:13)
  A moth of wrath (Zot:1)
8 creatures vanquished.

Vanquished Creatures (others)
  Frederick (Vaults:4)
  An acid blob (Zot:1)
  A sphinx (Depths:3)
  2 azure jellies (Zig:10)
  A storm dragon (Depths:3)
  A stone giant (Depths:3)
  2 yellow draconians (Zot:1)
  2 red draconians (Zot:1)
  6 great orbs of eyes
  A fire dragon (Depths:3)
  A vault guard (D:13)
  A two-headed ogre (shapeshifter) (Elf:3)
  An ironbound frostheart (Zig:10)
  A deep elf knight (Elf:1)
  4 glowing orange brains
  2 ironbound convokers
  A swamp dragon (Swamp:1)
  A harpy (shapeshifter) (Depths:3)
  A deep elf zephyrmancer (Elf:3)
  2 lindwurms (shapeshifter) (Depths:3)
  A wolf spider (shapeshifter) (Zig:13)
  A wolf spider (Spider:2)
  A salamander (shapeshifter) (Vaults:5)
  2 moths of wrath
  A vault sentinel (Vaults:3)
  A centaur skeleton (Crypt:1)
  2 yaktaurs (shapeshifter)
  A rime drake (shapeshifter) (Depths:3)
  A tengu conjurer (IceCv)
  A merfolk (shapeshifter) (Vaults:5)
  6 glass eyes
  A dream sheep (Lair:5)
  A blink frog (Abyss:5)
  2 dream sheep (shapeshifter)
  14 slime creatures
  A ynoxinul (Abyss:5)
  2 water elementals (Depths:2)
  A swamp worm (shapeshifter) (Vaults:5)
  A water moccasin (Lair:5)
  A hound (shapeshifter) (Vaults:5)
  198 jellies
  An orc wizard (Orc:1)
  4 orcs (Elf:2)
  12 foxfires
  2 lurking horrors (Abyss:4)
  5 starspawn tentacles
297 creatures vanquished.

Grand Total: 3087 creatures vanquished

Notes
Turn   | Place    | Note
-------+----------+-------------------------------------------
     0 | D:1      | jagoly the Gargoyle Warper began the quest for the Orb.
     0 | D:1      | Reached XP level 1. HP: 12/12 MP: 3/3
    65 | D:1      | Reached skill level 1 in Stealth
   101 | D:1      | Reached XP level 2. HP: 17/17 MP: 5/5
   215 | D:1      | Reached XP level 3. HP: 19/21 MP: 6/6
   633 | D:1      | Learned a level 2 spell: Blink
   636 | D:1      | Learned a level 2 spell: Lesser Beckoning
   816 | D:2      | Reached XP level 4. HP: 26/26 MP: 7/7
  1393 | D:3      | Reached XP level 5. HP: 30/30 MP: 8/8
  1467 | D:3      | Reached skill level 5 in Maces & Flails
  1579 | D:3      | Noticed Sigmund
  1693 | D:2      | Reached XP level 6. HP: 21/35 MP: 9/9
  2023 | D:4      | Found a burning altar of Makhleb.
  2778 | D:5      | Entered Level 5 of the Dungeon
  2792 | D:5      | Reached XP level 7. HP: 29/40 MP: 10/10
  3893 | D:6      | Reached skill level 1 in Throwing
  3916 | D:6      | Reached XP level 8. HP: 34/46 MP: 11/11
  4019 | D:6      | Found a shadowy altar of Dithmenos.
  4039 | D:6      | Found an opulent altar of Gozag.
  4050 | D:6      | Found a sparkling altar of Nemelex Xobeh.
  4061 | D:6      | Found a glowing golden altar of the Shining One.
  4065 | D:6      | Became a worshipper of the Shining One
  4075 | D:6      | Fell from the grace of the Shining One
  4080 | D:6      | Found a broken altar of Ashenzari.
  4095 | D:6      | Found an iron altar of Okawaru.
  4099 | D:6      | Became a worshipper of Warmaster Okawaru
  4107 | D:6      | Found a glowing silver altar of Zin.
  4175 | D:6      | Reached skill level 5 in Fighting
  4269 | D:6      | Found a staircase to the Ecumenical Temple.
  4483 | D:6      | Found a glowing drain.
  4487 | Sewer    | Entered a sewer
  5067 | D:6      | Found Tiliesov's Antique Weapon Shop.
  5341 | D:6      | Identified the +3 hand axe of the Sea {antimagic, Str+3
                  | Int+6}
  5724 | D:3      | Reached * piety under Okawaru
  5737 | D:3      | Found the +5 woodcutter's axe
  5801 | D:3      | Killed Sigmund
  5802 | D:3      | Reached XP level 9. HP: 55/55 MP: 12/12
  6030 | D:7      | Reached skill level 1 in Invocations
  6060 | D:7      | Noticed a troll
  6078 | D:7      | Killed a troll
  6254 | D:7      | Found a sacrificial altar of Ru.
  6338 | D:7      | Noticed Maggie
  6443 | D:7      | Identified the +6 spear "Myntauh" {venom, Str+3 Int+4}
  6467 | D:7      | Noticed Grum
  6586 | D:7      | Reached ** piety under Okawaru
  6754 | D:8      | Identified the ring "Jomas" {+Blink rPois}
  7102 | D:8      | Reached XP level 10. HP: 62/66 MP: 13/13
  7406 | D:9      | Noticed Harold
  7502 | D:9      | Reached skill level 10 in Fighting
  7532 | D:9      | Reached *** piety under Okawaru
  7593 | D:8      | Reached skill level 5 in Armour
  8230 | D:9      | Noticed a manticore
  8248 | D:9      | Killed a manticore
  8264 | D:9      | Reached **** piety under Okawaru
  8437 | D:9      | Found a staircase to the Orcish Mines.
  8449 | D:9      | Found a roughly hewn altar of Beogh.
  8824 | D:9      | Killed Harold
  9147 | D:10     | Entered Level 10 of the Dungeon
  9147 | D:10     | Found a shimmering altar of Xom.
  9223 | D:10     | Found a blossoming altar of Fedhas.
  9250 | D:10     | Reached skill level 10 in Maces & Flails
  9250 | D:10     | Reached XP level 11. HP: 68/73 MP: 14/14
  9327 | D:10     | Found a staircase to the Lair.
  9436 | D:10     | Reached ***** piety under Okawaru
  9808 | D:10     | Found Kanyec Vauf's Antique Weapon Emporium.
  9853 | D:10     | Reached skill level 1 in Evocations
 10097 | D:11     | Reached skill level 5 in Invocations
 10115 | D:11     | Received a gift from Okawaru
 10498 | D:11     | Found a runed translucent gate.
 10499 | D:11     | Found a runed translucent gate.
 10500 | D:11     | Found a runed translucent gate.
 10988 | D:11     | Noticed Dega's ghost (journeyman OpSh)
 11204 | D:11     | Killed Dega's ghost
 11335 | D:7      | Noticed Maurice
 11349 | D:7      | Maurice stole 333 gold
 11352 | D:7      | Maurice stole a +6 ring of intelligence
 11360 | D:7      | Killed Maurice
 11414 | D:7      | Identified the +3 dagger of the Jocular God {freeze, Will+}
 11559 | D:7      | Found a transporter.
 11559 | D:7      | Found a transporter.
 11559 | D:7      | Identified the +11 long sword of Ignis's Pride {freeze,
                  | Will+ Str+2}
 11559 | D:7      | Identified the ring "Toff" {rElec EV+5 Str-3 Slay+2 Stlth+}
 11588 | D:7      | Killed Maggie
 11593 | D:7      | Noticed bignoob's ghost (novice MDHW)
 11798 | D:7      | Killed bignoob's ghost
 11798 | D:7      | Received a gift from Okawaru
 11798 | D:7      | HP: 3/76 [wolf[Grum] (5)]
 11799 | D:7      | Reached skill level 5 in Translocations
 12156 | Lair:1   | Entered Level 1 of the Lair of Beasts
 12305 | Lair:1   | Reached XP level 12. HP: 44/81 MP: 15/18
 13849 | Lair:2   | Noticed a skyshark
 13861 | Lair:2   | Killed a skyshark
 13862 | Lair:2   | Reached skill level 5 in Dodging
 14314 | Lair:2   | Learned a level 4 spell: Manifold Assault
 14319 | Lair:2   | Learned a level 4 spell: Iskenderun's Mystic Blast
 14493 | Lair:2   | Reached skill level 10 in Armour
 14675 | Lair:2   | Received a gift from Okawaru
 14694 | Lair:2   | Found a glowing silver altar of Zin.
 15218 | Lair:3   | Reached XP level 13. HP: 72/86 MP: 19/19
 15438 | Lair:3   | Found a hole to the Spider Nest.
 16011 | Lair:3   | Found a staircase to the Swamp.
 16376 | Lair:3   | Received a gift from Okawaru
 16867 | Lair:4   | Noticed Josephine
 16881 | Arena    | Entered the Arena
 16886 | Arena    | Killed Josephine
 17338 | Lair:4   | Received a gift from Okawaru
 17586 | Lair:4   | Reached skill level 10 in Translocations
 18110 | Lair:5   | Entered Level 5 of the Lair of Beasts
 18615 | Lair:5   | Gained mutation: Your large and strong wings let you fly.
                  | [Gargoyle growth]
 18615 | Lair:5   | Reached XP level 14. HP: 92/92 MP: 20/20
 19194 | Lair:5   | Received a gift from Okawaru
 19842 | Lair:5   | Received a gift from Okawaru
 20308 | Lair:5   | Found a viscous altar of Jiyva.
 20308 | Lair:5   | Found a staircase to the Slime Pits.
 21001 | D:7      | Killed Grum
 21317 | D:12     | You are sucked into a shaft and drop 2 floors!
 21376 | D:14     | Reached skill level 1 in Shields
 21629 | D:14     | Received a gift from Okawaru
 21818 | D:13     | Noticed Erolcha
 22032 | D:12     | Noticed Psyche
 22052 | D:12     | Killed Psyche
 22277 | D:12     | Reached skill level 5 in Shields
 22962 | D:12     | Identified the orb of Istruesh {*Rage, Dex+4 Ice}
 23392 | D:13     | Noticed Urug
 23443 | D:13     | Killed Urug
 23563 | D:13     | Reached XP level 15. HP: 77/96 MP: 21/21
 23848 | D:13     | Killed Erolcha
 24551 | Orc:1    | Entered Level 1 of the Orcish Mines
 24997 | Orc:1    | Found Fuidokodd's Armour Boutique.
 25105 | Orc:2    | Entered Level 2 of the Orcish Mines
 25130 | Orc:2    | Found a burning altar of Makhleb.
 25130 | Orc:2    | Noticed Sonja
 25135 | Orc:2    | Killed Sonja
 25136 | Orc:2    | Reached skill level 10 in Shields
 25497 | Orc:2    | Found a staircase to the Elven Halls.
 25994 | Orc:2    | Found a roughly hewn altar of Beogh.
 26162 | Orc:2    | Received a gift from Okawaru
 26210 | Orc:2    | Reached ****** piety under Okawaru
 26229 | Orc:2    | Acquired a scarf of resistance
 26229 | Orc:2    | Received a gift from Okawaru
 26252 | Orc:2    | Acquired the +8 demon whip of Boniot {elec, rC++}
 26252 | Orc:2    | Received a gift from Okawaru
 26401 | Orc:2    | Noticed an orc warlord
 26476 | Orc:1    | Killed an orc warlord
 26879 | Orc:2    | Paralysed by an orc sorcerer for 3 turns
 27234 | Orc:2    | Found Biaxzak's Book Shop.
 27255 | Orc:2    | Found Dayps's Jewellery Boutique.
 27256 | Orc:2    | Found a roughly hewn altar of Beogh.
 27257 | Orc:2    | Found Noskaag's Weapon Boutique.
 27282 | Orc:2    | Found Ynuffada's Jewellery Emporium.
 27641 | Lair:5   | Fell from the grace of Okawaru
 27641 | Lair:5   | Became a worshipper of Jiyva Jacrook the Shapeless
 27951 | D:13     | Found a gate to the Vaults.
 28148 | D:14     | Noticed a deep elf blademaster
 28306 | D:14     | Noticed a fire giant
 28306 | D:14     | Noticed a deep elf blademaster
 28322 | D:14     | Reached skill level 1 in Conjurations
 28560 | D:14     | Killed a deep elf blademaster
 28890 | D:14     | Noticed a fire giant
 28890 | D:14     | Noticed a titan
 28914 | D:14     | Killed a fire giant
 28947 | D:14     | Killed a titan
 29036 | D:14     | Noticed an orc warlord
 29061 | D:14     | Killed an orc warlord
 29094 | D:14     | Killed a fire giant
 29474 | D:14     | Killed a deep elf blademaster
 30143 | D:15     | Entered Level 15 of the Dungeon
 30298 | D:15     | Reached XP level 16. HP: 104/104 MP: 13/22
 30317 | D:15     | Reached * piety under Jiyva
 30379 | D:15     | Reached skill level 5 in Conjurations
 30434 | D:15     | Found a shadowy altar of Dithmenos.
 30517 | D:15     | Noticed Azrael
 30523 | D:15     | Killed Azrael
 30553 | D:15     | Noticed a deep elf blademaster
 30577 | D:15     | Killed a deep elf blademaster
 30915 | D:15     | Reached ** piety under Jiyva
 30942 | D:15     | Found a staircase to the Depths.
 31561 | Orc:2    | Bought a book of Party Tricks for 374 gold pieces
 31563 | Orc:2    | Learned a level 1 spell: Apportation
 31636 | Elf:1    | Entered Level 1 of the Elven Halls
 32103 | Elf:1    | Noticed a deep elf master archer
 32121 | Elf:1    | Killed a deep elf master archer
 32175 | Elf:1    | Reached *** piety under Jiyva
 32217 | Elf:1    | Gained mutation: You are agile. (Dex +4, Str/Int -1)
                  | [Jiyva's grace]
 32217 | Elf:1    | Gained mutation: You are very agile. (Dex +8, Str/Int -2)
                  | [Jiyva's grace]
 32217 | Elf:1    | Gained mutation: Your natural rate of healing is unusually
                  | fast. [Jiyva's grace]
 32217 | Elf:1    | Gained mutation: You heal very quickly. [Jiyva's grace]
 32430 | Elf:1    | Found a radiant altar of Vehumet.
 32462 | Elf:1    | Reached skill level 15 in Armour
 32535 | Elf:1    | You are sucked into a shaft and drop 1 floor!
 32549 | Elf:2    | Found Ozericya's Jewellery Shoppe.
 32564 | Elf:2    | Noticed a deep elf blademaster
 32564 | Elf:2    | Noticed a deep elf blademaster
 32564 | Elf:2    | Noticed a deep elf blademaster
 32579 | Elf:2    | Killed a deep elf blademaster
 32581 | Elf:2    | Killed a deep elf blademaster
 32586 | Elf:2    | Killed a deep elf blademaster
 32678 | Elf:2    | Found Dixynn Tash's Weapon Boutique.
 32701 | Elf:2    | Found Qohaell's Magic Scroll Emporium.
 32708 | Elf:2    | Bought a scroll of fear for 76 gold pieces
 32719 | Elf:2    | Found Damuc's Antique Weapon Emporium.
 32814 | Elf:2    | Found a runed translucent gate.
 32814 | Elf:2    | Found a runed translucent gate.
 32815 | Elf:2    | Found a runed translucent gate.
 32912 | Elf:2    | Reached XP level 17. HP: 109/109 MP: 23/23
 33053 | Elf:2    | Noticed a deep elf master archer
 33067 | Elf:2    | Killed a deep elf master archer
 33473 | Elf:2    | Noticed a titan
 33515 | Elf:2    | Killed a titan
 33926 | Swamp:1  | Entered Level 1 of the Swamp
 33943 | Swamp:1  | Lost mutation: You are very agile. (Dex +8, Str/Int -2)
                  | [Jiyva's grace]
 33943 | Swamp:1  | Lost mutation: You heal very quickly. [Jiyva's grace]
 33943 | Swamp:1  | Gained mutation: You have acidic saliva. [Jiyva's grace]
 33943 | Swamp:1  | Gained mutation: You possess an exceptional clarity of
                  | mind. [Jiyva's grace]
 33943 | Swamp:1  | Gained mutation: You have a small jelly attached to you
                  | that may absorb projectiles. [Jiyva's grace]
 33943 | Swamp:1  | Gained mutation: You have sharp fingernails. [Jiyva's
                  | grace]
 34165 | Swamp:1  | Reached **** piety under Jiyva
 34552 | Swamp:2  | Identified the staff of Lihupn {Str+3 Earth}
 34570 | Swamp:2  | Reached skill level 15 in Fighting
 34714 | Swamp:2  | Found a glacial archway.
 34732 | IceCv    | Entered an ice cave
 34853 | IceCv    | Noticed a lich
 34863 | IceCv    | Killed a lich
 34959 | IceCv    | Found an ancient bone altar of Kikubaaqudgha.
 35031 | IceCv    | Was forgiven by Okawaru
 35032 | IceCv    | Noticed a titan
 35056 | IceCv    | Killed a titan
 35261 | Swamp:2  | Noticed Frances
 35282 | Swamp:2  | Killed Frances
 35283 | Swamp:2  | Reached XP level 18. HP: 62/120 MP: 10/24
 35305 | Swamp:2  | Gained mutation: Your melee attacks may engulf your foes in
                  | ooze. [Jiyva's grace]
 35305 | Swamp:2  | Gained mutation: You have a somewhat thin skeletal
                  | structure. (Dex +2, Stealth+) [Jiyva's grace]
 35305 | Swamp:2  | Gained mutation: You have a moderately thin skeletal
                  | structure. (Dex +4, Stealth++) [Jiyva's grace]
 35305 | Swamp:2  | Gained mutation: You have an unnaturally thin skeletal
                  | structure. (Dex +6, Stealth+++) [Jiyva's grace]
 35733 | Swamp:3  | Reached ***** piety under Jiyva
 35768 | Swamp:3  | Paralysed by a fenstrider witch for 3 turns
 36446 | Swamp:4  | Entered Level 4 of the Swamp
 36883 | Swamp:4  | Got a decaying rune of Zot
 36934 | Swamp:4  | Found a transporter.
 36938 | Swamp:4  | Noticed Reaq's ghost (adept DjHu)
 36988 | Swamp:4  | Found a transporter.
 37392 | Swamp:4  | Killed Reaq's ghost
 37397 | Swamp:4  | Identified the ring "Qiani" {rC- rN+ Int+4}
 37400 | Swamp:4  | Identified the +1 pair of gloves of Maltheism {rC+}
 37545 | Spider:1 | Entered Level 1 of the Spider Nest
 37745 | Spider:1 | Noticed Asterion
 37754 | Spider:1 | Killed Asterion
 37871 | Spider:1 | You are sucked into a shaft and drop 1 floor!
 37879 | Spider:2 | Reached XP level 19. HP: 130/130 MP: 18/25
 37947 | Spider:2 | Lost mutation: Your natural rate of healing is unusually
                  | fast. [Jiyva's grace]
 37947 | Spider:2 | Lost mutation: You have acidic saliva. [Jiyva's grace]
 37947 | Spider:2 | Lost mutation: You have a small jelly attached to you that
                  | may absorb projectiles. [Jiyva's grace]
 37947 | Spider:2 | Gained mutation: You passively map a small area around you.
                  | [Jiyva's grace]
 37947 | Spider:2 | Gained mutation: You passively map the area around you.
                  | [Jiyva's grace]
 37947 | Spider:2 | Gained mutation: You passively map a large area around you.
                  | [Jiyva's grace]
 37947 | Spider:2 | Gained mutation: Your muscles are strong. (Str +4, Int/Dex
                  | -1) [Jiyva's grace]
 38823 | Spider:2 | Reached skill level 10 in Dodging
 39515 | Spider:3 | Reached skill level 15 in Shields
 39708 | Spider:3 | Reached ****** piety under Jiyva
 40247 | Spider:4 | Entered Level 4 of the Spider Nest
 40522 | Spider:4 | Got a gossamer rune of Zot
 40553 | Spider:4 | Identified the +2 pair of boots of Vewynif {rCorr Str+2
                  | Int-4}
 40725 | Spider:4 | Lost mutation: You have sharp fingernails. [Jiyva's grace]
 40725 | Spider:4 | Lost mutation: You have an unnaturally thin skeletal
                  | structure. (Dex +6, Stealth+++) [Jiyva's grace]
 40725 | Spider:4 | Lost mutation: You possess an exceptional clarity of mind.
                  | [Jiyva's grace]
 40725 | Spider:4 | Lost mutation: You passively map a large area around you.
                  | [Jiyva's grace]
 40725 | Spider:4 | Gained mutation: You have large cloven feet. [Jiyva's
                  | grace]
 40725 | Spider:4 | Gained mutation: You have hoof-like feet. [Jiyva's grace]
 40725 | Spider:4 | Gained mutation: You have hooves in place of feet. [Jiyva's
                  | grace]
 40725 | Spider:4 | Gained mutation: You have acidic saliva. [Jiyva's grace]
 41329 | Spider:4 | Learned a level 4 spell: Passage of Golubria
 41538 | Slime:1  | Entered Level 1 of the Pits of Slime
 41573 | Slime:5  | Entered Level 5 of the Pits of Slime
 41592 | Slime:5  | Noticed the Royal Jelly
 41606 | Slime:5  | Found a viscous altar of Jiyva.
 41609 | Slime:5  | Got a slimy rune of Zot
 41634 | Slime:5  | Identified the +6 scale mail of Lethargy {Int+3}
 41644 | Slime:5  | Identified the +4 triple crossbow of Lies {drain, Str+2}
 41650 | Slime:5  | Identified the +0 robe "Ysesonwu" {Str+3 Int+4}
 41664 | Slime:5  | Got a starry gem with 476 turns to spare
 41666 | Slime:5  | Got the Grimoire of Lamentation
 42275 | Elf:3    | Entered Level 3 of the Elven Halls
 42389 | Elf:3    | Reached XP level 20. HP: 136/136 MP: 8/26
 42455 | Elf:3    | Found Letapseq's Book Emporium.
 42457 | Elf:3    | Found Plog's Jewellery Boutique.
 42458 | Elf:3    | Found Apsiliycs's Book Emporium.
 42721 | Elf:3    | Reached skill level 15 in Maces & Flails
 42730 | Elf:3    | Identified the +10 whip of Asock {protect, Str+3 Int+5
                  | SInv}
 42737 | Elf:3    | Noticed a Brimstone Fiend
 42931 | Elf:3    | Identified the +1 robe "Ushroigu" {Harm rCorr}
 42936 | Elf:3    | Identified the +0 mace of Yheoly {heavy, Will+ Str+4 Dex+2}
 42948 | Elf:3    | Identified the ring "Vangyn" {rElec rC+ Str+6}
 43001 | Elf:3    | Identified the +3 glaive of Goedu {heavy, rF- Str+5 SInv}
 43021 | Elf:3    | Got Efywuo's Quarto of Reagents and the Fifth Circle
 43028 | Elf:3    | Identified the +5 ring mail of Hide-and-Seek {rF- rN+
                  | Dex+4}
 44119 | Vaults:1 | Entered Level 1 of the Vaults
 44467 | Vaults:1 | Lost mutation: You have hooves in place of feet. [Jiyva's
                  | grace]
 44467 | Vaults:1 | Lost mutation: You passively map the area around you.
                  | [Jiyva's grace]
 44467 | Vaults:1 | Lost mutation: Your muscles are strong. (Str +4, Int/Dex
                  | -1) [Jiyva's grace]
 44467 | Vaults:1 | Gained mutation: You have sharp fingernails. [Jiyva's
                  | grace]
 44467 | Vaults:1 | Gained mutation: You have very sharp fingernails. [Jiyva's
                  | grace]
 44467 | Vaults:1 | Gained mutation: You have claws for hands. [Jiyva's grace]
 44467 | Vaults:1 | Gained mutation: Your spells are a little harder to cast,
                  | but a little more powerful. [Jiyva's grace]
 45382 | Vaults:2 | Found a staircase to the Crypt.
 45435 | Vaults:2 | Reached XP level 21. HP: 145/145 MP: 16/27
 45855 | Vaults:2 | Lost mutation: You have claws for hands. [Jiyva's grace]
 45855 | Vaults:2 | Lost mutation: You have very sharp fingernails. [Jiyva's
                  | grace]
 45855 | Vaults:2 | Lost mutation: You have a moderately thin skeletal
                  | structure. (Dex +4, Stealth++) [Jiyva's grace]
 45855 | Vaults:2 | Gained mutation: Armour fits poorly on your pseudopods.
                  | [Jiyva's grace]
 45855 | Vaults:2 | Gained mutation: Armour fits poorly on your large
                  | pseudopods. [Jiyva's grace]
 45855 | Vaults:2 | Gained mutation: Armour fits poorly on your massive
                  | pseudopods. [Jiyva's grace]
 45855 | Vaults:2 | Gained mutation: You are somewhat resistant to further
                  | mutation. [Jiyva's grace]
 46567 | Vaults:3 | You are sucked into a shaft and drop 1 floor!
 46860 | Vaults:4 | Killed Frederick
 46980 | Vaults:4 | Lost mutation: You have sharp fingernails. [Jiyva's grace]
 46980 | Vaults:4 | Lost mutation: You are agile. (Dex +4, Str/Int -1) [Jiyva's
                  | grace]
 46980 | Vaults:4 | Lost mutation: Your spells are a little harder to cast, but
                  | a little more powerful. [Jiyva's grace]
 46980 | Vaults:4 | Lost mutation: Armour fits poorly on your massive
                  | pseudopods. [Jiyva's grace]
 46980 | Vaults:4 | Gained mutation: Your mind is acute. (Int +4, Str/Dex -1)
                  | [Jiyva's grace]
 46980 | Vaults:4 | Gained mutation: Your mind is very acute. (Int +8, Str/Dex
                  | -2) [Jiyva's grace]
 46980 | Vaults:4 | Gained mutation: You have a small jelly attached to you
                  | that senses nearby items. [Jiyva's grace]
 46980 | Vaults:4 | Gained mutation: You have a pair of small horns on your
                  | head. [Jiyva's grace]
 46992 | Vaults:4 | Noticed Mara
 47005 | Vaults:4 | Noticed jagoly's illusion
 47015 | Vaults:4 | Killed Mara
 47623 | Vaults:4 | Identified the orb "Ycep" {*channel, rF+ Dex+2 Necro}
 47822 | Vaults:3 | Noticed Zenata
 47934 | Vaults:3 | Reached XP level 22. HP: 53/152 MP: 10/28
 48103 | Vaults:3 | Reached skill level 15 in Translocations
 48250 | Vaults:3 | Killed Zenata
 48338 | Vaults:3 | Identified a scroll of acquirement
 48589 | Vaults:3 | Acquired a +0 eveningstar of venom
 49115 | Depths:1 | Entered Level 1 of the Depths
 49145 | Depths:1 | Reached skill level 5 in Evocations
 49182 | Depths:1 | You are sucked into a shaft and drop 1 floor!
 49193 | Depths:2 | Found a one-way gate leading to the halls of Pandemonium.
 49335 | Depths:2 | Lost mutation: Your mind is very acute. (Int +8, Str/Dex
                  | -2) [Jiyva's grace]
 49335 | Depths:2 | Lost mutation: You have acidic saliva. [Jiyva's grace]
 49335 | Depths:2 | Lost mutation: You have a small jelly attached to you that
                  | senses nearby items. [Jiyva's grace]
 49335 | Depths:2 | Lost mutation: Your melee attacks may engulf your foes in
                  | ooze. [Jiyva's grace]
 49335 | Depths:2 | Gained mutation: Your rubbery body absorbs attacks. (AC +1,
                  | EV +1) [Jiyva's grace]
 49335 | Depths:2 | Gained mutation: Your pliable body absorbs attacks. (AC +2,
                  | EV +2) [Jiyva's grace]
 49335 | Depths:2 | Gained mutation: Your gelatinous body deflects attacks. (AC
                  | +3, EV +3) [Jiyva's grace]
 49335 | Depths:2 | Gained mutation: You have supernaturally acute eyesight.
                  | (SInv) [Jiyva's grace]
 49345 | Depths:2 | Noticed a juggernaut
 49366 | Depths:2 | Killed a juggernaut
 49444 | Depths:2 | Found a gateway to Hell.
 49745 | Depths:1 | Noticed the Enchantress
 49777 | Depths:1 | Killed the Enchantress
 49778 | Depths:1 | Reached skill level 10 in Invocations
 49979 | Depths:1 | Found a one-way gateway to a ziggurat.
 50052 | Depths:1 | Identified the dragon-blood talisman "Baocw" {rC+ rCorr
                  | SInv}
 50052 | Depths:1 | Noticed Bai Suzhen
 50084 | Depths:1 | Killed Bai Suzhen
 50689 | Depths:2 | Reached XP level 23. HP: 156/156 MP: 11/31
 50703 | Depths:2 | Found a one-way gate to the infinite horrors of the Abyss.
 51066 | Depths:2 | Lost mutation: You have a pair of small horns on your head.
                  | [Jiyva's grace]
 51066 | Depths:2 | Lost mutation: Your mind is acute. (Int +4, Str/Dex -1)
                  | [Jiyva's grace]
 51066 | Depths:2 | Lost mutation: Your gelatinous body deflects attacks. (AC
                  | +3, EV +3) [Jiyva's grace]
 51066 | Depths:2 | Gained mutation: Armour fits poorly on your massive
                  | pseudopods. [Jiyva's grace]
 51066 | Depths:2 | Gained mutation: You are robust. (+10% HP) [Jiyva's grace]
 51066 | Depths:2 | Gained mutation: You are very robust. (+20% HP) [Jiyva's
                  | grace]
 51066 | Depths:2 | Gained mutation: You are extremely robust. (+30% HP)
                  | [Jiyva's grace]
 51589 | Depths:3 | Identified the +2 chain mail of Indecent Exposure {rF-
                  | Int+5}
 51752 | Depths:3 | Noticed Parghit
 51809 | Depths:3 | Killed Parghit
 51886 | Depths:3 | Got the Papyrus of Hyperborean Projection
 51893 | Depths:3 | Identified the staff "Pynaibus" {rElec rC+ Ice}
 51894 | Depths:3 | Identified the +4 broad axe of the Vendetta {flame, +Blink
                  | Int+4}
 51913 | Depths:3 | Found a runed translucent door.
 51922 | Depths:3 | Noticed a golden dragon
 51923 | Depths:3 | Found a runed translucent door.
 51924 | Depths:3 | Found a runed translucent door.
 51942 | Depths:3 | Killed a golden dragon
 52000 | Depths:3 | Noticed a caustic shrike
 52016 | Depths:3 | Killed a caustic shrike
 52164 | Depths:3 | Noticed a golden dragon
 52176 | Depths:3 | Killed a golden dragon
 52179 | Depths:3 | Noticed a caustic shrike
 52199 | Depths:3 | Killed a caustic shrike
 52203 | Depths:3 | Noticed a golden dragon
 52221 | Depths:3 | Killed a golden dragon
 52259 | Depths:3 | Found a burning altar of Makhleb.
 52407 | Depths:3 | Noticed a golden dragon
 52435 | Depths:3 | Identified the +4 halberd of the Beloved God {drain, *Rage
                  | rN+ Will++ Stlth+}
 52440 | Depths:3 | Killed a golden dragon
 52593 | Depths:3 | Noticed a caustic shrike
 52594 | Depths:3 | Noticed a juggernaut
 52604 | Depths:3 | Killed a caustic shrike
 52605 | Depths:3 | Reached XP level 24. HP: 187/211 MP: 23/32
 52615 | Depths:3 | Killed a juggernaut
 52856 | Depths:3 | Identified the staff "Fuulax" {rF+ SInv Fire}
 53540 | Depths:4 | Entered Level 4 of the Depths
 53573 | Depths:4 | Found a magical portal.
 53597 | WizLab   | Entered Wucad Mu's Monastery
 53734 | WizLab   | Lost mutation: You have hoof-like feet. [Jiyva's grace]
 53734 | WizLab   | Lost mutation: You are somewhat resistant to further
                  | mutation. [Jiyva's grace]
 53734 | WizLab   | Lost mutation: Your pliable body absorbs attacks. (AC +2,
                  | EV +2) [Jiyva's grace]
 53734 | WizLab   | Lost mutation: Armour fits poorly on your massive
                  | pseudopods. [Jiyva's grace]
 53734 | WizLab   | Lost mutation: Armour fits poorly on your large pseudopods.
                  | [Jiyva's grace]
 53734 | WizLab   | Lost mutation: You have large cloven feet. [Jiyva's grace]
 53734 | WizLab   | Gained mutation: You have sharp toenails. [Jiyva's grace]
 53734 | WizLab   | Gained mutation: You have razor-sharp toenails. [Jiyva's
                  | grace]
 53734 | WizLab   | Gained mutation: You have claws for feet. [Jiyva's grace]
 53734 | WizLab   | Gained mutation: Your muscles are strong. (Str +4, Int/Dex
                  | -1) [Jiyva's grace]
 53736 | WizLab   | Found the crystal ball of Wucad Mu {*channel}
 53773 | WizLab   | Reached XP level 25. HP: 219/219 MP: 32/32
 55198 | Depths:4 | Found a gate to the Realm of Zot.
 55555 | Crypt:1  | Entered Level 1 of the Crypt
 55749 | Crypt:1  | Identified the +1 cloak of the Hidden Vale {Regen+}
 56388 | Crypt:1  | Identified the ring "Xuagausi" {rCorr Str+6 Int+4 Dex-4
                  | Slay+4}
 56705 | Crypt:2  | Lost mutation: You passively map a small area around you.
                  | [Jiyva's grace]
 56705 | Crypt:2  | Lost mutation: You are extremely robust. (+30% HP) [Jiyva's
                  | grace]
 56705 | Crypt:2  | Lost mutation: Your rubbery body absorbs attacks. (AC +1,
                  | EV +1) [Jiyva's grace]
 56705 | Crypt:2  | Gained mutation: You are covered in slimy tendrils that may
                  | disarm your opponents. [Jiyva's grace]
 56705 | Crypt:2  | Gained mutation: Your spells are a little harder to cast,
                  | but a little more powerful. [Jiyva's grace]
 56705 | Crypt:2  | Gained mutation: Your spells are harder to cast, but more
                  | powerful. [Jiyva's grace]
 56705 | Crypt:2  | Gained mutation: Your spells are much harder to cast, but
                  | much more powerful. [Jiyva's grace]
 56729 | Crypt:2  | Reached XP level 26. HP: 221/225 MP: 32/32
 56964 | Crypt:2  | Noticed Donald
 56974 | Crypt:2  | Killed Donald
 57018 | Crypt:2  | Identified the +1 robe of Death's Door {rCorr Stlth+}
 57541 | Crypt:3  | Entered Level 3 of the Crypt
 57643 | Crypt:3  | Found a staircase to the Tomb.
 57760 | Crypt:3  | Noticed Mennas
 57766 | Crypt:3  | Found a runed translucent gate.
 57766 | Crypt:3  | Found a runed translucent gate.
 57766 | Crypt:3  | Found a runed translucent gate.
 57773 | Crypt:3  | Noticed Zoalos's ghost (veteran GrEE)
 57818 | Crypt:3  | Killed Mennas
 58224 | Crypt:3  | Noticed an ancient lich
 58225 | Crypt:3  | Found the +8 autumn katana {manifold assault}
 58230 | Crypt:3  | Killed an ancient lich
 58433 | Crypt:3  | Identified the +6 scale mail of the Tanner {rF++ MP+9}
 58882 | Crypt:3  | Found an iron altar of Okawaru.
 58941 | Crypt:3  | Killed Zoalos's ghost
 59298 | Vaults:5 | Entered Level 5 of the Vaults
 59361 | Vaults:4 | Reached XP level 27. HP: 117/231 MP: 11/32
 59723 | Vaults:5 | Identified the +4 great sword of Discomfort {heavy, ^Drain
                  | Str+2 Int+4}
 59727 | Vaults:5 | Noticed Saint Roka
 59774 | Vaults:5 | Killed Saint Roka
 59972 | Vaults:5 | Lost mutation: You have claws for feet. [Jiyva's grace]
 59972 | Vaults:5 | Gained mutation: Your melee attacks may engulf your foes in
                  | ooze. [Jiyva's grace]
 59972 | Vaults:5 | Gained mutation: You have acidic saliva. [Jiyva's grace]
 59972 | Vaults:5 | Gained mutation: You are agile. (Dex +4, Str/Int -1)
                  | [Jiyva's grace]
 59972 | Vaults:5 | Gained mutation: You are very agile. (Dex +8, Str/Int -2)
                  | [Jiyva's grace]
 60021 | Vaults:5 | Identified the staff of Koenisos {rF+ Tloc Fire}
 60102 | Vaults:5 | Got a silver rune of Zot
 60112 | Vaults:5 | Identified the +1 spear "Facoy" {protect, Fly Int+7 Dex-5
                  | SInv}
 60193 | Vaults:5 | Reached skill level 15 in Invocations
 60224 | Vaults:5 | Identified the +2 pair of boots of Afalosch {Str+2 Dex+3}
 60769 | Vaults:5 | Found Zeurad's Distillery.
 60777 | Vaults:5 | Bought a potion of magic for 120 gold pieces
 60777 | Vaults:5 | Bought a potion of magic for 120 gold pieces
 60777 | Vaults:5 | Bought 2 potions of heal wounds for 150 gold pieces
 60777 | Vaults:5 | Bought a potion of heal wounds for 75 gold pieces
 61111 | Elf:2    | Bought a scroll of teleportation for 57 gold pieces
 61111 | Elf:2    | Bought a scroll of fog for 76 gold pieces
 61111 | Elf:2    | Bought a scroll of identify for 38 gold pieces
 61392 | Zig:1    | Entered Level 1 of a ziggurat
 61392 | Zig:1    | Noticed Ucraysk the pandemonium lord
 61400 | Zig:1    | Killed Ucraysk the pandemonium lord
 61410 | Zig:2    | Entered Level 2 of a ziggurat
 61429 | Zig:3    | Entered Level 3 of a ziggurat
 61451 | Zig:4    | Entered Level 4 of a ziggurat
 61472 | Zig:4    | Identified the +11 great sword "Trog's Brutal Revenge"
                  | {drain, Will- MP+9 Dex+2}
 61488 | Zig:5    | Entered Level 5 of a ziggurat
 61513 | Zig:5    | Identified the +7 double sword of Apsarphe {pain, rElec
                  | Will+ Str-4 Int+5}
 61526 | Zig:6    | Entered Level 6 of a ziggurat
 61529 | Zig:6    | Noticed an ancient lich
 61557 | Zig:6    | Killed an ancient lich
 61576 | Zig:6    | Identified the +11 short sword "Killer Bee's Peril" {spect,
                  | rElec rC- Str+3}
 61620 | Zig:7    | Entered Level 7 of a ziggurat
 61651 | Zig:7    | Identified the +5 quarterstaff "Beetleslayer" {freeze,
                  | ^Drain rElec rCorr}
 61653 | Zig:7    | Identified the staff of Dishonour {rN++ Str+4 Int-4 Ice
                  | Earth}
 61654 | Zig:7    | Got the Essays on the Effulgent Sphinx
 61688 | Zig:8    | Entered Level 8 of a ziggurat
 61693 | Zig:8    | Noticed Zalaing the pandemonium lord
 61725 | Abyss:4  | Cast into level 4 of the Abyss (Zalaing)
 61797 | Abyss:4  | Learned a level 4 spell: Flame Wave
 61799 | Abyss:4  | Got an abyssal rune of Zot
 62002 | Zig:8    | Escaped the Abyss
 62043 | Abyss:4  | Cast into level 4 of the Abyss (Zalaing)
 62079 | Abyss:4  | Lost mutation: You have supernaturally acute eyesight.
                  | (SInv) [Jiyva's grace]
 62079 | Abyss:4  | Lost mutation: You are very agile. (Dex +8, Str/Int -2)
                  | [Jiyva's grace]
 62079 | Abyss:4  | Lost mutation: You are very robust. (+20% HP) [Jiyva's
                  | grace]
 62079 | Abyss:4  | Lost mutation: Your spells are much harder to cast, but
                  | much more powerful. [Jiyva's grace]
 62079 | Abyss:4  | Lost mutation: Armour fits poorly on your pseudopods.
                  | [Jiyva's grace]
 62079 | Abyss:4  | Gained mutation: Your body has grown eyes which may confuse
                  | attackers. (Acc +3) [Jiyva's grace]
 62079 | Abyss:4  | Gained mutation: Your body has grown many eyes which may
                  | confuse attackers. (Acc +5) [Jiyva's grace]
 62079 | Abyss:4  | Gained mutation: Your body is covered in eyes which may
                  | confuse attackers. (Acc +7, SInv) [Jiyva's grace]
 62079 | Abyss:4  | Gained mutation: Your rubbery body absorbs attacks. (AC +1,
                  | EV +1) [Jiyva's grace]
 62096 | Abyss:4  | Paralysed by accursed screaming for 1 turns
 62220 | Zig:8    | Escaped the Abyss
 62250 | Zig:8    | Identified the +2 pair of gloves "Qaats" {*Corrode rElec
                  | rC+ Str+7}
 62253 | Abyss:5  | Cast into level 5 of the Abyss (Zalaing)
 62263 | Abyss:5  | Found a corrupted altar of Lugonu.
 62271 | Zig:8    | Escaped the Abyss
 62363 | Abyss:5  | Found a corrupted altar of Lugonu.
 62363 | Abyss:5  | Cast into level 5 of the Abyss (Zalaing)
 62422 | Zig:8    | Escaped the Abyss
 62444 | Abyss:5  | Cast into level 5 of the Abyss (Zalaing)
 62616 | Zig:8    | Escaped the Abyss
 62633 | Zig:8    | Killed Zalaing the pandemonium lord
 62652 | Zig:9    | Entered Level 9 of a ziggurat
 62699 | Zig:9    | Found the +18 shield of the Gong {Loud rN+ Will+ rCorr
                  | EV-5}
 62703 | Zig:9    | Identified the +2 plate armour "Ujasemom" {rF+ Slay+3 SInv}
 62707 | Zig:9    | Identified the +9 plate armour "Lotaop" {rC+ Stlth+}
 62714 | Zig:9    | Identified the +0 ring mail "Bunidopt" {rF+ rCorr Int-3
                  | Dex+6}
 62738 | Zig:10   | Entered Level 10 of a ziggurat
 62755 | Zig:10   | Found the brooch of Shielding {Spirit SH+8}
 62774 | Zig:10   | Identified the +1 robe of Inference {rCorr Dex+3}
 62775 | Zig:10   | Identified the +3 halberd of Ancient Evil {distort, Str+3}
 62790 | Zig:11   | Entered Level 11 of a ziggurat
 62798 | Zig:11   | Noticed an ancient lich
 62802 | Zig:11   | Noticed an ancient lich
 62814 | Zig:11   | Killed an ancient lich
 62817 | Zig:11   | Reached skill level 10 in Evocations
 62826 | Zig:11   | Killed an ancient lich
 62859 | Zig:11   | Got Saqac's Elucidation of Creeping Graupel
 62869 | Zig:12   | Entered Level 12 of a ziggurat
 62938 | Zig:12   | Identified the ring "Ricsir" {Ice ^Drain MP+9 Str+6}
 62952 | Zig:12   | Identified the +3 quarterstaff "Nyriovih" {drain, Stlth+}
 62956 | Zig:13   | Entered Level 13 of a ziggurat
 62962 | Zig:13   | Noticed an ancient lich
 62974 | Zig:13   | Noticed an ancient lich
 62980 | Zig:13   | Killed an ancient lich
 62994 | Zig:13   | Killed an ancient lich
 62996 | Zig:13   | Noticed a dread lich
 62996 | Zig:13   | Noticed a dread lich
 62996 | Zig:13   | Noticed an ancient lich
 63000 | Zig:13   | Noticed an ancient lich
 63009 | Zig:13   | Killed an ancient lich
 63010 | Zig:13   | Killed a dread lich
 63017 | Zig:13   | Killed an ancient lich
 63028 | Zig:13   | Killed a dread lich
 63033 | Zig:13   | Found the +7 great mace "Firestarter" {flame, immolate,
                  | rFlCloud rF++}
 63038 | Zig:13   | Identified the ring "Coevoyje" {^Drain rPois rF+ MP+9}
 63073 | Zig:14   | Entered Level 14 of a ziggurat
 63087 | Zig:14   | Noticed a royal mummy
 63089 | Zig:14   | Noticed a royal mummy
 63090 | Zig:14   | Noticed a royal mummy
 63093 | Zig:14   | Killed a royal mummy
 63096 | Zig:14   | Killed a royal mummy
 63096 | Zig:14   | Noticed a royal mummy
 63098 | Zig:14   | Noticed a royal mummy
 63104 | Zig:14   | Killed a royal mummy
 63110 | Zig:14   | Killed a royal mummy
 63117 | Zig:14   | Killed a royal mummy
 63140 | Zig:14   | Identified the +0 pair of boots of the Crypt {Dex+2}
 63141 | Zig:14   | Got Ufihy Xare's Omnibus of the Translocational Mausoleum
 63270 | Zot:1    | Entered Level 1 of the Realm of Zot
 63526 | Zot:1    | Reached skill level 10 in Conjurations
 63572 | Zot:1    | Identified the +0 morningstar "Jicvor" {chaos, rC+}
 63667 | Zot:1    | Lost mutation: You have razor-sharp toenails. [Jiyva's
                  | grace]
 63667 | Zot:1    | Lost mutation: You are robust. (+10% HP) [Jiyva's grace]
 63667 | Zot:1    | Lost mutation: Your body is covered in eyes which may
                  | confuse attackers. (Acc +7, SInv) [Jiyva's grace]
 63667 | Zot:1    | Gained mutation: You are partially covered in large bone
                  | plates. (SH +4) [Jiyva's grace]
 63667 | Zot:1    | Gained mutation: You are mostly covered in large bone
                  | plates. (SH +6) [Jiyva's grace]
 63667 | Zot:1    | Gained mutation: You are completely covered in large bone
                  | plates. (SH +8) [Jiyva's grace]
 63667 | Zot:1    | Gained mutation: You are partially covered in iridescent
                  | scales. (AC +2) [Jiyva's grace]
 63694 | Zot:1    | Identified the +3 chain mail of Dagaid {Dex+3}
 65162 | Zot:3    | Found a shimmering altar of Xom.
 65217 | Zot:3    | Reached skill level 27 in Invocations
 65357 | Zot:3    | Lost mutation: Your muscles are strong. (Str +4, Int/Dex
                  | -1) [Jiyva's grace]
 65357 | Zot:3    | Gained mutation: Your body is covered in eyes which may
                  | confuse attackers. (Acc +7, SInv) [Jiyva's grace]
 65357 | Zot:3    | Gained mutation: You expend magic power (3 MP) to
                  | strengthen your wands. [Jiyva's grace]
 65357 | Zot:3    | Gained mutation: You have a small jelly attached to you
                  | that may absorb projectiles. [Jiyva's grace]
 65357 | Zot:3    | Gained mutation: You are mostly covered in iridescent
                  | scales. (AC +4) [Jiyva's grace]
 66561 | Zot:4    | Lost mutation: You are mostly covered in iridescent scales.
                  | (AC +4) [Jiyva's grace]
 66561 | Zot:4    | Lost mutation: You are covered in slimy tendrils that may
                  | disarm your opponents. [Jiyva's grace]
 66561 | Zot:4    | Gained mutation: You have an increased reservoir of magic.
                  | (+10% MP) [Jiyva's grace]
 66561 | Zot:4    | Gained mutation: You have a considerably increased
                  | reservoir of magic. (+20% MP) [Jiyva's grace]
 66561 | Zot:4    | Gained mutation: You have a greatly increased reservoir of
                  | magic. (+30% MP) [Jiyva's grace]
 66561 | Zot:4    | Gained mutation: Your spells are much harder to cast, but
                  | much more powerful. [Jiyva's grace]
 66913 | Zot:5    | Entered Level 5 of the Realm of Zot
 67033 | Zot:5    | Found a transporter.
 67033 | Zot:5    | Found a transporter.
 67034 | Zot:5    | Identified the +1 cloak "Peug" {rF+ rN+}
 67048 | Zot:5    | Found a bloodstained altar of Trog.
 67048 | Zot:5    | Identified the +2 cloak "Focraclo" {Harm *Corrode rN++
                  | Int+4}
 67050 | Zot:5    | Noticed Cigeacw's ghost (veteran MiFi)
 67374 | Zot:5    | Reached skill level 27 in Fighting
 67394 | Zot:5    | Killed Cigeacw's ghost
 67504 | Zot:5    | Noticed an orb of fire
 67524 | Zot:5    | Killed an orb of fire
 67574 | Zot:5    | Noticed an orb of fire
 67578 | Zot:5    | Noticed an orb of fire
 67602 | Zot:5    | Killed an orb of fire
 67637 | Zot:5    | Killed an orb of fire
 67655 | Zot:5    | Noticed a dread lich
 67664 | Zot:5    | Killed a dread lich
 67697 | Zot:5    | Noticed an orb of fire
 67712 | Zot:5    | Killed an orb of fire
 67741 | Zot:5    | Noticed a dread lich
 67749 | Zot:5    | Killed a dread lich
 67815 | Zot:5    | Reached skill level 27 in Armour
 67869 | Zot:5    | Noticed a dread lich
 67879 | Zot:5    | Gained mutation: You are dopey. (Int -2) [a cacodemon]
 67880 | Zot:5    | Killed a dread lich
 68005 | Zot:5    | Noticed an orb of fire
 68006 | Zot:5    | Gained mutation: You sometimes lose your temper in combat.
                  | [an orb of fire]
 68018 | Zot:5    | Killed an orb of fire
 68173 | Zot:5    | Got the Orb of Zot
 68803 | D:1      | Noticed Guhoupet the pandemonium lord
 68812 | D:1      | Killed Guhoupet the pandemonium lord
 68857 | D:$      | Escaped with the Orb!

Illustrated notes

Levels and vault maps discovered:
D:1:      dpeg_arrival_yet_another_circle, layout_basic
D:2:      layout_basic, nicolae_the_louvre
D:3:      layout_rooms, pf_guarded_unrand_woodcutter, uniq_sigmund
D:4:      layout_basic, mainiacjoe_overflow_brackets
D:5:      layout_loops_ring
D:6:      layout_basic, grunt_temple_overflow_octagram,
          minmay_temple_entry_trees, mainiacjoe_sewer_entry_somewhere_in_here_2,
          serial_shops, nicolae_shop_just_a_little_nook
D:7:      layout_cave_pods, lemuel_crystal_altar, gammafunk_ghost_gnarly_gnolls,
          minmay_nine_imps, uniq_maurice, uniq_maggie
D:8:      layout_loops_cross, minivault_22, chequers_serial_rivers_marsh
D:9:      layout_cave_pods, minmay_orc_entry_temple_small, uniq_harold
D:10:     layout_rooms, xom_teletrap_fun, mainiacjoe_overflow_paths,
          david_lair_generic, serial_shops, shop
D:11:     layout_basic, ebering_ghost_rock_garden
D:12:     layout_irregular_city, minivault_27, uniq_psyche
D:13:     layout_rooms, ximxim_vaults_locker_room, uniq_erolcha, uniq_urug
D:14:     layout_roguey, chequers_serial_rivers_room_a
D:15:     grunt_enter_depths_snipers, layout_irregular_city,
          nicolae_dithmenos_the_darkroom, uniq_azrael
Lair:1:   layout_cave_pods
Lair:2:   wander_river, layout_chaotic_city, basic_altar, lemuel_old_faithful
Lair:3:   layout_regular_city, mainiacjoe_swamp_entry_angry_trees,
          nicolae_spider_entry_orb_guardian, chequers_serial_rivers_large_a,
          chequers_serial_rivers_room_a, infiniplex_staircase_pool,
          serial_bayou_shore_b
Lair:4:   layout_cave_pods, uniq_josephine
Lair:5:   hangedman_lair_tendril_chambers, layout_regular_city,
          minmay_slime_entry_oklob_enclosed
Swamp:1:  nicolae_swamp_standing_stones, layout_basic_swamp,
          evilmike_swamp_ruin_house_6
Swamp:2:  tekkud_swamp_unearthing_site, layout_basic_swamp,
          evilmike_swamp_ruin_house_2, portal_ice_cave_entry_dragon,
          nicolae_swamp_bean_lake, infiniplex_staircase_pool_2, uniq_frances
Swamp:3:  layout_basic_swamp, evilmike_swamp_ruin_rubble_1, swamp_pool_1_2,
          nicolae_swamp_spooky_pond
Swamp:4:  swamp_alternative, layout_basic_swamp,
          gammafunk_ghost_berserking_beasts
Spider:1: layout_cave_pods, hangedman_spider_tarantella_strand, uniq_asterion
Spider:2: layout_spider_delve
Spider:3: layout_spider_delve, drop_trap
Spider:4: guppyfry_spider_rune
Slime:1:  layout_caves
Slime:2:  layout_caves
Slime:3:  layout_caves
Slime:4:  layout_caves
Slime:5:  slime_pit_nicolae_amoeboid
Orc:1:    layout_caves, serial_shops, shop
Orc:2:    hellmonk_orc_salted, layout_caves, basic_altar, bloody_makhleb,
          uniq_sonja
Elf:1:    eino_elf_arrival_sip, layout_gridlike, basic_altar,
          minmay_elf_crystal_heptagon
Elf:2:    elven_hall_of_blades_hangedman_original
          [nicolae_blade_entry_crossed_weapons], layout_geoelf_octagon,
          serial_shops, nicolae_shop_behind_doors, nicolae_shop_stone,
          nicolae_lakefront_shop, shop, serial_sigils,
          serial_sigils_hangedman_confine, serial_sigils_hangedman_scratch,
          serial_sigils_hangedman_snap, serial_sigils_hangedman_quiver
Elf:3:    minmay_elf_hall, layout_geoelf_octagon, grunt_ministairs_15,
          nicolae_elf_vaults_five_recruitment_drive, minmay_shop_grove
Vaults:1: nicolae_vaults_storage_closets_1, v_misc_15,
          nicolae_vaults_trapezoid_lopsided_1, vaults_standard_mumra_lines,
          nicolae_vaults_trapezoid_lopsided_3, v_misc_32,
          nicolae_vaults_trapezoid_1, hangedman_vaults_pinch,
          hangedman_vaults_stretched_pinwheel, nicolae_vaults_triangles,
          ontoclasm_vaults_gateway, nicolae_vaults_heart-shaped_vault,
          layout_vaults_omnibox
Vaults:2: nicolae_vaults_offset_grid_hallway_2, nicolae_vaults_cornered_office,
          v_pattern_1, nicolae_vaults_swerve, hangedman_vaults_corner,
          minmay_crypt_entry_skeletal_spiral, vaults_dpeg_emergency_exit,
          hangedman_vaults_restitches, ontoclasm_vaults_loading_screen,
          v_misc_11, nicolae_vaults_tetromino_L_1,
          ontoclasm_vaults_decontamination, nicolae_vaults_surprise_closet,
          layout_vaults_chaotic_city
Vaults:3: nicolae_vaults_little_squares_2, nicolae_vaults_big_ls,
          nicolae_vaults_trapezoid_lopsided_1, v_misc_23, v_alt_pattern_4,
          nicolae_vaults_storage_room_water, v_misc_12,
          nicolae_vaults_trapezoid_3, nicolae_vaults_border_crossing,
          nicolae_vaults_tetromino_Z_2, nicolae_vaults_yaktaur_gun_rack,
          layout_vaults_omnicross, uniq_zenata
Vaults:4: nicolae_vaults_angled_halls, nicolae_vaults_doubleplus_tesselated,
          ontoclasm_vaults_spin, hangedman_vaults_slice,
          nicolae_vaults_double_plus_2, layout_vaults_omnigrid, uniq_frederick,
          uniq_mara
Vaults:5: uniq_saint_roka
Crypt:1:  minmay_skeleton_keep, layout_chaotic_city, st_stairs_12
Crypt:2:  layout_misc_corridors, serial_library_regret_index_small_wings,
          nicolae_crypt_grave_offerings, grunt_megastairs_1, uniq_donald,
          uniq_grunn
Crypt:3:  due_elkab, layout_chaotic_city, nicolae_tomb_entry_rubble_hallway,
          gammafunk_ghost_fury_of_okawaru, uniq_mennas
Depths:1: layout_cave_pools, enter_ziggurat_f, chequers_serial_rivers_micro_e,
          grunt_hell_entry_dis_mu, minmay_fractal_squares_gapless_7,
          uniq_enchantress, uniq_bai_suzhen
Depths:2: cheibrodos_hall_of_evolution, layout_gridville,
          chequers_serial_rivers_room_b, pan_entry, abyss_entry,
          grunt_mini_vestibule, minmay_staircase_windowed_small,
          grunt_megastairs_4
Depths:3: minmay_the_grid_ultimate [minmay_the_grid_prize_four_corners,
          minmay_the_grid_prize_trominoes, minmay_the_grid_prize_trominoes,
          minmay_the_grid_prize_four_corners_diamond_a,
          minmay_the_grid_square_5x5_minimal,
          minmay_the_grid_square_5x5_checkered_statues,
          minmay_the_grid_square_5x5_fancy_junction,
          minmay_the_grid_square_5x5_lines, minmay_the_grid_square_5x5_slash,
          minmay_the_grid_square_5x5_sharp_hourglass,
          minmay_the_grid_square_5x5_bite, minmay_the_grid_square_5x5_gyroscope,
          minmay_the_grid_square_5x5_forky,
          minmay_the_grid_square_5x5_bracketed,
          minmay_the_grid_square_5x5_tri_point,
          minmay_the_grid_square_5x5_two_walls_a,
          minmay_the_grid_square_5x5_mess,
          minmay_the_grid_square_5x5_broken_cross,
          minmay_the_grid_square_5x5_inner_z,
          minmay_the_grid_triangle_9x9_wacky_v,
          minmay_the_grid_triangle_9x9_intruding_spiral,
          minmay_the_grid_triangle_9x9_swiss_cheese,
          minmay_the_grid_triangle_9x9_zippers_horizontal,
          minmay_the_grid_triangle_9x9_warning,
          minmay_the_grid_triangle_9x9_longest,
          minmay_the_grid_triangle_9x9_shrine,
          minmay_the_grid_triangle_9x9_stretched_checkered,
          minmay_the_grid_triangle_9x9_corrupted_corridor,
          minmay_the_grid_triangle_9x9_steps,
          minmay_the_grid_triangle_9x9_checkered,
          minmay_the_grid_triangle_9x9_corruption,
          minmay_the_grid_triangle_9x9_fully_insulated_deathbox,
          minmay_the_grid_triangle_9x9_semitri,
          minmay_the_grid_triangle_9x9_skeleton,
          minmay_the_grid_triangle_9x9_from_above,
          minmay_the_grid_square_5x5_three, minmay_the_grid_octo_thin_diamonds,
          minmay_the_grid_octo_clover_2, minmay_the_grid_octo_concentric,
          minmay_the_grid_octo_pinwheel, minmay_the_grid_octo_empty,
          minmay_the_grid_octo_focus, minmay_the_grid_octo_checkered,
          minmay_the_grid_octo_checkerflower, minmay_the_grid_minigrid_large,
          minmay_the_grid_tiny_cups, minmay_the_grid_artifice,
          minmay_the_grid_slots], abyss_entry, hell_entry, uniq_parghit
Depths:4: grunt_bruiser_brothers, layout_long_grid, hangedman_coc_ice_floe,
          nicolae_abyss_entry_one_way_or_another, corexii_leaking_fountain,
          mu_enter_wizlab_6, serial_bayou_shore_b
Zot:1:    layout_basic, hangedman_zot_spectrum
Zot:2:    layout_basic, zot_minivault_1
Zot:3:    layout_basic, basic_altar
Zot:4:    layout_gridville
Zot:5:    layout_onion, gammafunk_ghost_wrathful_warriors

Skill      XL: |  1  2  3  4  5  6  7  8  9 10 11 12 13 14 15 16 17 18 19 20 21 22 23 24 25 26 27 |
---------------+----------------------------------------------------------------------------------+-----
Stealth        | 1 2 4 |  4.0
Translocations | 3 4 5 6 10 12 13 14 15 16 17 19 | 19.5
Maces & Flails | 3 4 5 6 8 9 10 11 14 16 | 16.0
Fighting       | 3 6 9 10 12 13 16 18 19 20 25 27 | 27.0
Throwing       | 2 |  2.0
Armour         | 3 4 8 11 12 13 16 17 18 20 21 22 25 27 | 27.0
Dodging        | 2 6 8 10 12 | 12.0
Invocations    | 2 8 11 12 13 27 | 27.0
Evocations     | 2 8 10 | 10.0
Shields        | 7 12 13 14 16 18 | 18.0
Conjurations   | 4 6 8 10 | 10.0
Spellcasting   | |  2.0

Action                     |  1- 3 |  4- 6 |  7- 9 | 10-12 | 13-15 | 16-18 | 19-21 | 22-24 | 25-27 || total
---------------------------+-------+-------+-------+-------+-------+-------+-------+-------+-------++-------
  Melee: Mace              |    13 |       |       |       |       |       |    30 |       |       ||    43
         Whip              |    94 |   145 |       |       |       |       |       |       |       ||   239
         Flail             |       |    37 |   300 |       |  1208 |       |       |       |       ||  1545
         Battleaxe         |       |       |   102 |   660 |   306 |       |       |       |       ||  1068
         Hand axe          |       |       |       |       |    28 |       |       |       |       ||    28
         Demon whip        |       |       |       |       |   501 |  1994 |  1560 |  1660 |  3268 ||  8983
         Bite              |       |       |       |       |       |    98 |   106 |    24 |   293 ||   521
         Kick              |       |       |       |       |       |       |   212 |    33 |   584 ||   829
         Morningstar       |       |       |       |       |       |       |   563 |   227 |       ||   790
         Pseudopods        |       |       |       |       |       |       |    30 |   343 |   458 ||   831
         Headbutt          |       |       |       |       |       |       |    14 |   119 |       ||   133
         Eveningstar       |       |       |       |       |       |       |       |    52 |  1657 ||  1709
  Throw: Stone             |     5 |     2 |     8 |     3 |     6 |       |       |       |       ||    24
         Dart              |       |    11 |    24 |    41 |    63 |     3 |       |       |     1 ||   143
         Boomerang         |       |       |       |       |     4 |    23 |     4 |     4 |    28 ||    63
         Throwing net      |       |       |       |       |     1 |     4 |       |     4 |       ||     9
   Cast: Blink             |       |       |       |       |     8 |    10 |     2 |     4 |     3 ||    27
         Manifold Assault  |       |       |       |       |   297 |   445 |   518 |   363 |   854 ||  2477
         Lesser Beckoning  |       |       |       |       |     2 |       |       |       |       ||     2
         Iskenderun's Myst |       |       |       |       |     1 |    14 |     8 |     1 |    18 ||    42
         Apportation       |       |       |       |       |       |    17 |    65 |    35 |   131 ||   248
         Passage of Golubr |       |       |       |       |       |       |     2 |       |       ||     2
         Flame Wave        |       |       |       |       |       |       |       |       |     1 ||     1
 Invoke: Renounce Religion |       |       |     1 |       |       |       |       |       |       ||     1
         Heroism           |       |       |     1 |     6 |     7 |       |       |       |       ||    14
         Finesse           |       |       |       |     1 |     4 |       |       |       |       ||     5
         Duel              |       |       |       |       |     1 |       |       |       |       ||     1
         Receive Weapon    |       |       |       |       |     1 |       |       |       |       ||     1
         Receive Armour    |       |       |       |       |     1 |       |       |       |       ||     1
         Oozemancy         |       |       |       |       |       |     7 |     3 |     6 |     3 ||    19
  Evoke: Wand              |       |     4 |     4 |       |    19 |    18 |       |     7 |    15 ||    67
         Box of beasts     |       |       |       |       |     1 |     1 |       |       |       ||     2
         Lightning rod     |       |       |       |       |       |     9 |       |       |       ||     9
         Condenser vane    |       |       |       |       |       |     1 |       |       |     1 ||     2
         Phantom mirror    |       |       |       |       |       |       |       |       |     1 ||     1
    Use: Scroll            |       |     1 |     8 |     7 |     5 |     7 |     6 |    10 |    25 ||    69
         Potion            |       |       |       |     1 |     9 |       |       |     3 |    14 ||    27
   Stab: Sleeping          |     2 |       |     1 |       |       |     4 |    12 |       |       ||    19
         Held in net/web   |       |       |       |       |     5 |     1 |       |     5 |     1 ||    12
         Distracted        |       |       |       |       |     1 |     1 |     2 |       |     1 ||     5
         Confused          |       |       |       |       |       |       |       |       |    32 ||    32
         Paralysed         |       |       |       |       |       |       |       |       |     6 ||     6
         Petrified         |       |       |       |       |       |       |       |       |     4 ||     4
 Armour: Leather armour    |    62 |    73 |       |       |       |       |       |       |       ||   135
         Skin              |       |    23 |    76 |       |       |       |       |       |     3 ||   102
         Ring mail         |       |       |   209 |    39 |       |       |       |       |       ||   248
         Scale mail        |       |       |       |   187 |       |       |   390 |   297 |       ||   874
         Troll leather arm |       |       |       |   125 |       |       |       |       |       ||   125
         Swamp dragon scal |       |       |       |   252 |  1107 |   753 |   236 |       |       ||  2348
         Acid dragon scale |       |       |       |       |       |       |       |   164 |       ||   164
         Gold dragon scale |       |       |       |       |       |       |       |   349 |  1875 ||  2224
  Dodge: Dodged            |    64 |   111 |   214 |   406 |   769 |   348 |   350 |   376 |   607 ||  3245
  Block: Kite shield       |       |       |       |       |   268 |   577 |   682 |   566 |  2226 ||  4319

Table legend: (Time is in decaauts)
 A = Elapsed time spent in this place.
 B = Non-inter-level travel time spent in this place.
 C = Inter-level travel time spent in this place.
 D = Time resting spent in this place.
 E = Time spent auto-exploring this place.
 F = Levels seen in this place.
 G = Mean time per level.
                   A        B        C        D        E       F      G
               +--------+--------+--------+--------+--------+-----+--------+
         Total |  65611 |  58290 |   7321 |   4998 |  25021 |  78 |  841.2 |
       Dungeon |  20574 |  17665 |   2909 |   2870 |   9041 |  15 | 1371.6 |
          Lair |   9053 |   7994 |   1059 |    860 |   5460 |   5 | 1810.6 |
         Swamp |   2844 |   2540 |    304 |      0 |   1066 |   4 |  711.0 |
   Spider Nest |   3552 |   3360 |    192 |      2 |   1204 |   4 |  888.0 |
    Slime Pits |    246 |    162 |     84 |      0 |      0 |   5 |   49.2 |
  Orcish Mines |   3559 |   2899 |    660 |    669 |   1429 |   2 | 1779.5 |
   Elven Halls |   3491 |   3037 |    454 |    100 |    925 |   3 | 1163.7 |
        Vaults |   6185 |   5581 |    604 |    177 |   1592 |   5 | 1237.0 |
         Crypt |   3119 |   2957 |    162 |      0 |    995 |   3 | 1039.7 |
        Depths |   5502 |   4945 |    557 |     64 |   1312 |   4 | 1375.5 |
           Zot |   4826 |   4494 |    332 |      0 |   1724 |   5 |  965.2 |
         Abyss |    548 |    548 |      0 |     47 |      0 |   5 |  109.6 |
      Ziggurat |    893 |    893 |      0 |    145 |      0 |  14 |   63.8 |
         Sewer |    454 |    454 |      0 |     48 |    168 |   1 |  454.0 |
      Ice Cave |    451 |    451 |      0 |      0 |     19 |   1 |  451.0 |
        Wizlab |    286 |    286 |      0 |      0 |     85 |   1 |  286.0 |
         Arena |     21 |     21 |      0 |     14 |      0 |   1 |   21.0 |
               +--------+--------+--------+--------+--------+-----+--------+

Top non-repeatable levels by time:
  Lair:5: 2881 daAuts
    D:14: 2193 daAuts
Depths:3: 2006 daAuts
   Orc:2: 1987 daAuts
     D:7: 1953 daAuts
  Lair:3: 1856 daAuts
    D:13: 1785 daAuts
  Lair:4: 1745 daAuts
    D:12: 1732 daAuts
     D:9: 1691 daAuts
   Orc:1: 1571 daAuts
Vaults:2: 1530 daAuts
    D:11: 1502 daAuts
     D:6: 1459 daAuts
    D:10: 1453 daAuts
